 Dungeon Crawl Stone Soup version 0.31-a0-700-gf13585253f (webtiles) character file.

Game seed: 5570555653823603853

461535 qw the Conqueror (level 24, -2/183 HPs)
             Began as a Gargoyle Hunter on Sept 7, 2023.
             Was a High Priest of Okawaru.
             Killed from afar by a frost giant (53 damage)
             ... with a bolt of cold
             ... on level 5 of the Vaults.
             The game lasted 00:34:48 (46610 turns).

qw the Conqueror (Gargoyle Hunter)                 Turns: 46610, Time: 00:34:49

Health: -2/183     AC: 33    Str: 21    XL:     24   Next: 49%
Magic:  31/31      EV: 39    Int: 11    God:    Okawaru [*****.]
Gold:   3167       SH:  7    Dex: 27    Spells: 23/23 levels left

rFire   + + .        Y - +9 longbow (flame)
rCold   . . .        (shield currently unavailable)
rNeg    + + .        A - +2 leather armour {rC+}
rPois   inf          x - +2 hat of Zimpem {rF+ rC- SInv}
rElec   +            C - scarf {repulsion}
rCorr   .            a - +2 pair of gloves "Vutteph" {Rampage rF+ Str+3 Stlth+}
SInv    +            c - +2 pair of boots
Will    +....        s - amulet of reflection
Stlth   +++++        p - +6 ring of dexterity
HPRegen 0.50/turn    l - ring of the Octopus King {rN+ HP+2 AC+2 EV+2 SH+2}
MPRegen 0.22/turn

%: repel missiles, reflection, rampage
@: heroic, corroded, flying
A: sickness immunity, AC +18, big wings, negative energy resistance 1,
electricity resistance, torment resistance 1, petrification resistance
}: 2/15 runes: barnacled, gossamer
a: Renounce Religion, Heroism, Finesse, Duel


You were on level 5 of the Vaults.
You worshipped Okawaru.
Okawaru was extremely pleased with you.
You visited 8 branches of the dungeon, and saw 40 of its levels.
You visited the Abyss 1 time.

You collected 4771 gold pieces.
You spent 1604 gold pieces at shops.


Innate Abilities, Weirdness & Mutations

You are immune to sickness and miasma.
Your stone body is resilient. (AC +18)
You are immune to poison.
Your large and strong wings let you fly.
You resist negative energy. (rN+)
You are resistant to electric shocks. (rElec)
You are resistant to unholy torment.
You are immune to petrification.


   Skills:
 O Level 27 Fighting
 - Level 20.0(25.0) Ranged Weapons
 - Level 12.0(17.0) Armour
 + Level 19.8(24.8) Dodging
 - Level 1.1(6.1) Stealth
 - Level 11.6 Invocations


You had 23 spell levels left.
You didn't know any spells.
Your spell library was empty.

Inventory:

Hand Weapons
 Y - a +9 longbow of flaming (weapon)
Armour
 a - the +2 pair of gloves "Vutteph" (worn) {Rampage rF+ Str+3 Stlth+}
   (Okawaru gifted it to you on level 2 of the Orcish Mines)

   Str+3:     It affects your strength (+3).
   rF+:       It protects you from fire.
   Rampage:   It bestows one free step when moving towards enemies.
   Stlth+:    It makes you more stealthy.
 c - a +2 pair of boots (worn)
 i - a +2 ring mail of fire resistance
 n - a +2 cloak
 t - the +3 hat of Inference {Harm MP+9 Str-4 Int-4}
   (You found it on level 4 of the Spider Nest)

   Str-4:     It affects your strength (-4).
   Int-4:     It affects your intelligence (-4).
   MP+9:      It affects your magic capacity (+9).
   Harm:      It increases damage dealt and taken.
 v - a +0 troll leather armour
 x - the +2 hat of Zimpem (worn) {rF+ rC- SInv}
   (You found it on level 4 of the Spider Nest)

   rF+:       It protects you from fire.
   rC-:       It makes you vulnerable to cold.
   SInv:      It lets you see invisible.
 A - a +2 leather armour of cold resistance (worn)
 B - a +0 helmet
 C - a scarf of repulsion (worn)
Jewellery
 e - a ring of fire
 l - a ring of the Octopus King (right hand) {rN+ HP+2 AC+2 EV+2 SH+2}
   (You found it on level 1 of the Orcish Mines)

   [ring of positive energy]

   AC+2:      It affects your AC (+2).
   EV+2:      It affects your evasion (+2).
   rN+:       It protects you from negative energy.
   HP+2:      It affects your health (+2).
   SH+2:      It affects your SH (+2).
 p - a +6 ring of dexterity (left hand)
 s - an amulet of reflection (around neck)
Wands
 k - a wand of digging (5)
Scrolls
 j - 18 scrolls of identify
 w - 7 scrolls of teleportation
 y - 2 scrolls of enchant weapon
 z - 2 scrolls of enchant armour
Potions
 b - 8 potions of haste
 d - 10 potions of curing
 f - 6 potions of heal wounds
 g - 4 potions of resistance
 h - 3 potions of cancellation
 m - 8 potions of enlightenment
 o - 5 potions of magic
 q - a potion of might
 u - 3 potions of mutation

Dungeon Overview and Level Annotations

Branches:
Dungeon (15/15)            Temple (1/1) D:4            Lair (5/5) D:9
 Shoals (4/4) Lair:2       Spider (4/4) Lair:2        Slime (0/5) Lair:5
    Orc (2/2) D:9             Elf (0/3) Orc:2        Vaults (4/5) D:14
  Crypt (0/3) Vaults:3     Depths (4/4) D:15            Zot (0/5) Depths:4

Altars:
Ashenzari
Cheibriados
Dithmenos
Elyvilon
Fedhas
Gozag
Hepliaklqana
Kikubaaqudgha
Makhleb
Nemelex Xobeh
Okawaru
Qazlal
Ru
Sif Muna
Trog
Uskayaw
Vehumet
Wu Jian
Xom
Yredelemnul
Zin
The Shining One
Lugonu

Shops:
D:1 =   D:2 **   D:13 *   Orc:2 ?(!=

Portals:
Hell: Depths:1 Depths:2 Depths:3 Depths:4
Abyss: Depths:2 Depths:3
Pandemonium: Depths:2
Ziggurat: Depths:2
Trove: Depths:1 (lose all piety)

Annotations:
D:11 2 transporters, qw's ghost, journeyman GrHu
D:13 3 runed translucent doors, Iplucs's ghost, journeyman FeBe
D:14 2 runed translucent doors, Cown's ghost, journeyman TrHu
Shoals:2 3 runed translucent doors
Spider:4 1 runed translucent door, qw's ghost, adept MiHs
Vaults:4 8 runed translucent doors, qw's ghost, adept GrHu
Depths:2 exclusion: 2 tengu warriors
Depths:4 1 runed translucent door, qw's ghost, veteran GrFi


Message History

A phantasmal warrior comes into view.
The frost giant points at you and mumbles some strange words.
The bolt of cold misses you. The acid blob hits you! The acid corrodes you!
You are splashed with acid!
You shoot an arrow. The arrow hits the acid blob!!
The arrow burns the acid blob.
You kill the acid blob!
Okawaru accepts your kill.
Your life force feels restored.
You shoot an arrow. The arrow hits the frost giant!
The arrow burns the frost giant.
The frost giant is lightly wounded.
The frost giant casts a spell at you. The bolt of cold misses you.
You shoot an arrow.
The arrow hits the frost giant but does no damage.
The frost giant is lightly wounded.
You shoot an arrow.
The arrow hits the frost giant but does no damage.
The frost giant is lightly wounded.
The phantasmal warrior hits you. The frost giant completely misses you.
You shoot an arrow. The arrow hits the frost giant!!
The arrow burns the frost giant!
The frost giant is heavily wounded.
The phantasmal warrior completely misses you.
The frost giant completely misses you.
You shoot an arrow.
The arrow barely misses the frost giant.
You shoot an arrow.
The arrow completely misses the frost giant.
The phantasmal warrior hits you but does no damage.
The frost giant gestures at you while chanting.
The bolt of cold misses you.
You shoot an arrow.
The arrow hits the frost giant but does no damage.
The frost giant is heavily wounded.
You block the phantasmal warrior's attack.
The frost giant casts a spell at you. The bolt of cold hits you!!!
You die...

.......## .# .......# .#
......#..# .....#..# .#
. #$......#.p ##.#
...##(...). #....#.#e#.#
...(!$.C)# #....##p#Z#.
^......@.# #....#.#D#G#
......W.## #....##|#e#.
.......###. #....#.#.#p#
.....#####..#.....#.#p#p
..... .....#..p.#.#p#(#
.... ........p.ppp#.#)
### ####....)ppp#p###
.......<<..p....
......<..<.......


You could see a frost giant and a phantasmal warrior.

Vanquished Creatures
  An ancient lich (Depths:3)
  A dread lich (Vaults:4)
  Mennas (Vaults:3)
  A juggernaut (Depths:4)
  Sojobo (Depths:4)
  Frederick (Vaults:3)
  Margery (Vaults:3)
  2 golden dragons
  A bone dragon (Depths:4)
  Arachne (Spider:2)
  Rupert (Lair:5)
  Zenata (Vaults:1)
  A lich (Depths:3)
  A walking crystal tome (Depths:3)
  A walking frostbound tome (Depths:3)
  2 tentacled monstrosities
  4 sphinxes
  An acid blob (shapeshifter) (Vaults:5)
  2 tentacled starspawn (Abyss:2)
  Agnes (Spider:2)
  A storm dragon (Shoals:4)
  Kirke (D:15)
  6 tengu reavers
  Roxanne (D:15)
  Donald (Vaults:4)
  4 shadow dragons (Vaults:5)
  Ilsuiw (Shoals:2)
  A draconian knight (Depths:4)
  11 fire giants
  9 frost giants
  2 iron dragons (Depths:3)
  A deep elf sorcerer (Vaults:5)
  Louise (Shoals:4)
  A curse skull (Vaults:3)
  11 vault wardens
  3 orc warlords
  A draconian shifter (Depths:4)
  4 ghost moths (Spider:4)
  2 emperor scorpions
  4 broodmothers
  3 war gargoyles
  A draconian annihilator (Depths:4)
  3 formless jellyfish
  19 ironbound preservers
  15 stone giants
  11 very ugly things
  2 vampire knights
  7 ironbound thunderhulks
  A deep elf demonologist (Vaults:5)
  2 green draconians
  Nessos (D:13)
  9 dire elephants
  A deep elf annihilator (Vaults:5)
  2 red draconians (Depths:4)
  A white draconian (Depths:4)
  2 purple draconians (Depths:4)
  2 spark wasps
  A deep elf death mage (Vaults:5)
  A blizzard demon (Abyss:2)
  15 starcursed masses (Abyss:2)
  An ettin (Depths:3)
  15 merfolk impalers
  7 fire dragons
  A crystal guardian (Vaults:3)
  4 merfolk javelineers
  6 yaktaur captains
  4 entropy weavers
  21 vault guards
  An entropy weaver (shapeshifter) (D:13)
  3 jorogumos
  5 great orbs of eyes
  7 hydras
  8 ironbound frosthearts
  4 ogre magi (Orc:2)
  3 peacekeepers
  6 ice dragons
  2 catoblepae
  2 rakshasas (Depths:3)
  3 alligator snapping turtles
  A spriggan air mage (Depths:2)
  An alligator (Lair:4)
  8 boulder beetles
  2 merfolk avatars
  17 two-headed ogres
  3 satyrs (Shoals:3)
  2 merfolk aquamancers
  2 radroaches
  18 centaur warriors
  A death scarab (Spider:4)
  A death knight (Vaults:3)
  5 deep troll shamans
  10 tengu warriors
  3 thrashing horrors (Abyss:2)
  An orc high priest (Orc:2)
  3 deep troll earth magi
  Sonja (D:13)
  4 demonic crawlers
  9 hell knights
  8 skysharks
  6 pharaoh ants
  2 shadow wraiths (Vaults:4)
  A golden dragon zombie (Depths:2)
  2 iron trolls
  4 skeletal warriors (D:15)
  Lodul (D:13)
  78 deep trolls
  6 orb spiders
  A sun moth (Spider:4)
  4 flayed ghosts
  7 glowing orange brains
  4 necromancers
  5 sea snakes
  3 deep elf pyromancers
  14 wizards
  5 orc knights
  A deep elf zephyrmancer (Vaults:5)
  8 steelbarb worms
  15 lindwurms
  5 harpies
  A phantasmal warrior (Vaults:5)
  A harpy (shapeshifter) (Spider:2)
  23 wolf spiders
  11 ironbound convokers
  7 cyclopes
  A manticore (shapeshifter) (Abyss:2)
  5 orc sorcerers (Orc:1)
  A salamander (Depths:3)
  32 ugly things
  A tengu skeleton (Depths:2)
  19 manticores
  7 merfolk sirens
  An iron dragon skeleton (Depths:2)
  A will-o-the-wisp (Abyss:2)
  3 apocalypse crabs (Abyss:2)
  11 fauns
  7 elephants
  3 moths of wrath
  A fire giant skeleton (Depths:2)
  A guardian serpent (Lair:5)
  A molten gargoyle (Depths:3)
  9 black mambas
  11 water nymphs
  A gargoyle (D:12)
  5 torpor snails
  17 vault sentinels
  2 smoke demons (Abyss:2)
  Jeremiah (D:7)
  3 unseen horrors
  16 cane toads
  A freezing wraith (Vaults:4)
  4 rime drakes
  8 komodo dragons
  19 yaktaurs
  5 tengu conjurers
  A human skeleton (Vaults:3)
  A queen bee (Spider:1)
  8 trolls
  24 merfolk
  8 meliai
  A troll (shapeshifter) (Vaults:4)
  26 tarantellas
  A wolf spider simulacrum (D:14)
  10 wind drakes
  4 hornets (Lair:4)
  A polar bear (Lair:1)
  3 raiju (Abyss:2)
  Prince Ribbit (D:8)
  17 blink frogs
  6 dream sheep
  12 snapping turtles
  Sigmund (D:6)
  16 jumping spiders
  45 slime creatures
  17 culicivoras
  A ynoxinul (Abyss:2)
  26 water elementals
  6 air elementals (Shoals:4)
  2 shadows
  3 wraiths
  56 yaks
  2 vampires
  A human (shapeshifter) (D:15)
  16 humans (D:13)
  17 wyverns
  5 basilisks
  3 fire bats (Depths:3)
  6 hogs (D:15)
  An elf simulacrum (Vaults:3)
  8 vampire mosquitoes
  A fire elemental (Depths:3)
  5 steam dragons
  A neqoxec (Abyss:2)
  3 large abominations (Abyss:2)
  46 redbacks
  8 wargs
  A human simulacrum (Vaults:3)
  25 water moccasins
  A floating eye (Depths:4)
  A glowing shapeshifter skeleton (Depths:2)
  4 ice beasts
  35 orc warriors
  A swamp drake (D:9)
  A sky beast (D:8)
  4 black bears
  28 wolves
  10 boggarts
  9 centaurs
  32 ogres
  3 phantoms
  A kobold brigand (D:9)
  7 necrophages (Lair:3)
  7 scorpions
  16 bullfrogs
  A small abomination (Abyss:2)
  23 killer bees
  5 howler monkeys
  8 electric eels
  A crimson imp (D:7)
  13 jellies
  A hound (D:4)
  20 orc priests
  A gnoll bouda (D:10)
  2 iguanas
  16 orc wizards
  2 hell rats (Lair:4)
  5 adders
  10 gnolls
  A shadow imp (D:5)
  4 white imps
  An ufetubus (Vaults:3)
  2 worms
  2 dart slugs
  73 orcs
  3 ball pythons
  4 bats
  7 endoplasms
  3 giant cockroaches
  4 goblins
  3 hobgoblins
  6 jackals (D:2)
  4 kobolds
  A quokka (D:4)
  2 frilled lizards
  4 rats
  2 lurking horrors (Abyss:2)
  3 starspawn tentacles (Abyss:2)
1649 creatures vanquished.

Vanquished Creatures (others)
  A hornet (Depths:4)
  A spriggan (Depths:4)
  An iguana (D:7)
  3 starspawn tentacles (Abyss:2)
6 creatures vanquished.

Grand Total: 1655 creatures vanquished

Notes
Turn   | Place    | Note
-------+----------+-------------------------------------------
     0 | D:1      | qw the Gargoyle Hunter began the quest for the Orb.
     0 | D:1      | Reached XP level 1. HP: 12/12 MP: 1/1
     0 | D:1      | 0 ||| qw: Version: 0.3-a-76-g4403597
     0 | D:1      | 0 ||| qw: Game counter: 642
     0 | D:1      | 0 ||| qw: Melee chars always use a shield: true
     0 | D:1      | 0 ||| qw: God list: Okawaru
     0 | D:1      | 0 ||| qw: Allow faded altars: false
     0 | D:1      | 0 ||| qw: Do Orc after clearing Dungeon:15 true
     0 | D:1      | 0 ||| qw: Do second Lair branch before Depths: true
     0 | D:1      | 0 ||| qw: Lair rune preference: random
     0 | D:1      | 0 ||| qw: Goals: Normal
     0 | D:1      | 0 ||| PLANNING D:1-11
    42 | D:1      | Found Holeunk's One-of-a-Kind Rings.
    63 | D:1      | 63 ||| SHOPLISTING +1 ring of slaying (84 gold, have 29).
    63 | D:1      | 63 ||| SHOPLISTING +4 ring of evasion (294 gold, have 29).
    63 | D:1      | 63 ||| SHOPLISTING +6 ring of protection (1092 gold, have
                  | 29).
    63 | D:1      | 63 ||| SHOPLISTING +8 ring of dexterity (770 gold, have
                  | 29).
    63 | D:1      | 63 ||| SHOPLISTING +9 ring of evasion (1449 gold, have 29).
    63 | D:1      | 63 ||| SHOPLISTING ring "Eciept" {rElec Str+6 Int+5} (847
                  | gold, have 29).
   138 | D:1      | Reached XP level 2. HP: 17/17 MP: 2/2
   382 | D:1      | 382 ||| UPGRADING to +0 ring mail.
   392 | D:1      | 392 ||| DROPPING +0 leather armour.
   393 | D:1      | 393 ||| READING scroll labelled GAMALLISHO.
   394 | D:1      | 394 ||| READING scroll labelled WAURIBRUNIRGH.
   395 | D:1      | 395 ||| READING scroll labelled ITOSETTOEX.
   396 | D:1      | 396 ||| DROPPING scroll of butterflies.
   412 | D:2      | Identified the +8 sling "Zuasmoqu" {speed, rF++}
   414 | D:2      | 414 ||| SWAPPING to +8 sling "Zuasmoqu" {speed, rF++}.
   415 | D:2      | 415 ||| DROPPING +0 shortbow.
   434 | D:2      | Reached skill level 1 in Armour
   434 | D:2      | Reached XP level 3. HP: 21/21 MP: 3/3
   435 | D:2      | Found Jaiffat's Assorted Antiques.
   443 | D:2      | 443 ||| BUYING fuming coppery potion (26 gold).
   443 | D:2      | Bought a fuming coppery potion for 26 gold pieces
   443 | D:2      | 443 ||| BUYING lumpy orange potion (26 gold).
   443 | D:2      | Bought a lumpy orange potion for 26 gold pieces
   443 | D:2      | 443 ||| BUYING lumpy orange potion (26 gold).
   443 | D:2      | Bought a lumpy orange potion for 26 gold pieces
   443 | D:2      | 443 ||| SHOPLISTING pearl ring (145 gold, have 6).
   443 | D:2      | 443 ||| SHOPLISTING scroll labelled DEN TOSUMN (29 gold,
                  | have 6).
   443 | D:2      | 443 ||| SHOPLISTING scroll of identify (58 gold, have 6).
   443 | D:2      | 443 ||| SHOPLISTING silvery potion (26 gold, have 6).
   553 | D:2      | Reached XP level 4. HP: 27/27 MP: 4/4
   590 | D:2      | Reached skill level 3 in Fighting
   777 | D:2      | Found Vuagg's General Store.
   789 | D:2      | 789 ||| BUYING scroll of identify (24 gold).
   789 | D:2      | Bought a scroll of identify for 24 gold pieces
  1036 | D:2      | 1036 ||| UPGRADING to +0 pair of boots.
  1041 | D:2      | 1041 ||| UPGRADING to +4 ring of protection.
  1042 | D:2      | 1042 ||| READING scroll labelled GUNGOO FIFOPN.
  1043 | D:2      | 1043 ||| DRINKING 2 lumpy orange potions.
  1062 | D:2      | 1062 ||| DRINKING 3 silvery potions.
  1063 | D:2      | 1063 ||| DROPPING potion of lignification.
  1092 | D:3      | Found a blossoming altar of Fedhas.
  1389 | D:3      | Found an ancient bone altar of Kikubaaqudgha.
  1499 | D:3      | Found a hazy altar of Hepliaklqana.
  1545 | D:3      | Found a faded altar of an unknown god.
  1549 | D:3      | Found a radiant altar of Vehumet.
  1620 | D:3      | 1620 ||| UPGRADING to +2 pair of boots.
  1630 | D:3      | 1630 ||| DROPPING +0 pair of boots.
  1631 | D:3      | 1631 ||| DROPPING scarf of shadows.
  1632 | D:3      | 1632 ||| READING scroll labelled DEN TOSUMN.
  1694 | D:4      | Noticed a phantom
  1703 | D:4      | Killed a phantom
  1704 | D:4      | Reached skill level 6 in Ranged Weapons
  1704 | D:4      | Reached XP level 5. HP: 32/32 MP: 5/5
  1723 | D:4      | Noticed a phantom
  1731 | D:4      | Killed a phantom
  1732 | D:4      | Reached skill level 4 in Fighting
  1732 | D:4      | Reached XP level 6. HP: 38/38 MP: 6/6
  1733 | D:4      | Noticed an ice beast
  1740 | D:4      | Killed an ice beast
  1775 | D:4      | Found a staircase to the Ecumenical Temple.
  1777 | D:4      | 1777 ||| PLANNING TEMPLE
  1783 | Temple   | Entered the Ecumenical Temple
  1784 | Temple   | 1784 ||| PLANNING D:1-11
  1822 | D:4      | Reached XP level 7. HP: 43/43 MP: 7/7
  1895 | D:4      | 1895 ||| UPGRADING to +2 ring mail of poison resistance.
  1905 | D:4      | 1905 ||| DROPPING +0 ring mail.
  1914 | D:4      | 1914 ||| STAIRDANCE
  2094 | D:4      | 2094 ||| RETREATING.
  2095 | D:4      | 2095 ||| Stepping ~*~*~tactically~*~*~ (outnumbered).
  2498 | D:4      | Found a shimmering blue altar of Sif Muna.
  2608 | D:4      | 2608 ||| DROPPING ring of magical power.
  2629 | D:5      | Entered Level 5 of the Dungeon
  2665 | D:5      | Reached skill level 5 in Fighting
  2690 | D:5      | 2690 ||| Stepping ~*~*~tactically~*~*~ (outnumbered).
  2692 | D:5      | 2692 ||| Stepping ~*~*~tactically~*~*~ (outnumbered).
  2820 | D:5      | Reached XP level 8. HP: 49/49 MP: 8/8
  2830 | D:5      | Found an ornate altar of the Wu Jian Council.
  2853 | D:5      | Found a glowing golden altar of the Shining One.
  3042 | D:5      | Found a hide-covered altar of Uskayaw.
  3054 | D:5      | 3054 ||| Stepping ~*~*~tactically~*~*~ (outnumbered).
  3057 | D:5      | 3057 ||| Stepping ~*~*~tactically~*~*~ (outnumbered).
  3066 | D:5      | 3066 ||| FLEEEEING.
  3067 | D:5      | 3067 ||| FLEEEEING.
  3229 | D:5      | Found a bloodstained altar of Trog.
  3246 | D:5      | Found a sparkling altar of Nemelex Xobeh.
  3348 | D:5      | 3348 ||| UPGRADING to +0 cloak.
  3353 | D:5      | 3353 ||| READING 2 scrolls labelled VOWITEB WAQIRR.
  3354 | D:5      | 3354 ||| READING scroll labelled QICOCI QE FUS.
  3355 | D:5      | 3355 ||| READING 2 scrolls of identify.
  3355 | D:5      | 3355 ||| IDENTIFYING fuming coppery potion
  3356 | D:5      | 3356 ||| DROPPING scroll of blinking.
  3387 | D:6      | 3387 ||| Stepping ~*~*~tactically~*~*~ (outnumbered).
  3392 | D:6      | 3392 ||| Stepping ~*~*~tactically~*~*~ (outnumbered).
  3407 | D:6      | HP: 11/49 [orc priest/divine providence (11)]
  3408 | D:6      | 3408 ||| DRINKING 3 potions of heal wounds.
  3549 | D:6      | Noticed Sigmund
  3556 | D:6      | Killed Sigmund
  3557 | D:6      | Reached skill level 9 in Ranged Weapons
  3783 | D:6      | Reached skill level 6 in Fighting
  4073 | D:6      | 4073 ||| UPGRADING to amulet of reflection.
  4078 | D:6      | 4078 ||| UPGRADING to ring of see invisible.
  4079 | D:6      | 4079 ||| READING 2 scrolls labelled HIW LASANOBBE.
  4080 | D:6      | 4080 ||| READING scroll labelled XIRPHU VOUNATH.
  4081 | D:6      | 4081 ||| DROPPING scroll of poison.
  4132 | D:7      | Found a white marble altar of Elyvilon.
  4202 | D:7      | Reached skill level 3 in Armour
  4206 | D:7      | Reached XP level 9. HP: 55/55 MP: 9/9
  4290 | D:7      | Noticed a manticore
  4299 | D:7      | Killed a manticore
  4300 | D:7      | Reached skill level 8 in Fighting
  4422 | D:7      | Found an iron altar of Okawaru.
  4423 | D:7      | 4423 ||| PLANNING OKAWARU WORSHIP
  4423 | D:7      | 4423 ||| READING scroll labelled ILIHAMUULU.
  4462 | D:7      | 4462 ||| READING 3 scrolls of identify.
  4462 | D:7      | 4462 ||| IDENTIFYING pink potion
  4463 | D:7      | 4463 ||| READING 2 scrolls of identify.
  4463 | D:7      | 4463 ||| IDENTIFYING smoky blue potion
  4464 | D:7      | 4464 ||| DROPPING potion of berserk rage.
  4465 | D:7      | 4465 ||| DROPPING potion of brilliance.
  4472 | D:7      | Became a worshipper of Warmaster Okawaru
  4473 | D:7      | 4473 ||| PLANNING D:1-11
  4484 | D:7      | Noticed Jeremiah
  4528 | D:7      | Killed Jeremiah
  4721 | D:7      | Found a shimmering altar of Xom.
  4805 | D:7      | Found a burning altar of Makhleb.
  4871 | D:7      | 4871 ||| DRINKING 2 puce potions.
  4956 | D:8      | Noticed Prince Ribbit
  4962 | D:8      | Killed Prince Ribbit
  4962 | D:8      | Reached * piety under Okawaru
  4963 | D:8      | Reached skill level 3 in Dodging
  5075 | D:8      | Reached skill level 1 in Invocations
  5409 | D:8      | Reached XP level 10. HP: 64/64 MP: 11/11
  5467 | D:8      | 5467 ||| RETREATING.
  5483 | D:8      | Reached skill level 3 in Invocations
  5490 | D:8      | Reached ** piety under Okawaru
  5702 | D:8      | 5702 ||| DROPPING +0 leather armour of willpower.
  5703 | D:8      | 5703 ||| READING scroll labelled CIB SORUKOUMAL.
  5727 | D:9      | 5727 ||| INVOKING Heroism.
  5762 | D:9      | 5762 ||| INVOKING Heroism.
  5819 | D:9      | 5819 ||| Stepping ~*~*~tactically~*~*~ (outnumbered).
  5822 | D:9      | 5822 ||| Stepping ~*~*~tactically~*~*~ (outnumbered).
  5844 | D:9      | 5844 ||| Stepping ~*~*~tactically~*~*~ (outnumbered).
  5846 | D:9      | 5846 ||| Stepping ~*~*~tactically~*~*~ (outnumbered).
  5847 | D:9      | 5847 ||| Stepping ~*~*~tactically~*~*~ (outnumbered).
  5851 | D:9      | 5851 ||| Stepping ~*~*~tactically~*~*~ (outnumbered).
  5853 | D:9      | 5853 ||| Stepping ~*~*~tactically~*~*~ (outnumbered).
  5926 | D:9      | Found a staircase to the Orcish Mines.
  5932 | D:9      | 5932 ||| Stepping ~*~*~tactically~*~*~ (outnumbered).
  5933 | D:9      | 5933 ||| Stepping ~*~*~tactically~*~*~ (outnumbered).
  5934 | D:9      | 5934 ||| Stepping ~*~*~tactically~*~*~ (outnumbered).
  5935 | D:9      | 5935 ||| Stepping ~*~*~tactically~*~*~ (outnumbered).
  5936 | D:9      | 5936 ||| Stepping ~*~*~tactically~*~*~ (outnumbered).
  5937 | D:9      | 5937 ||| Stepping ~*~*~tactically~*~*~ (outnumbered).
  5938 | D:9      | 5938 ||| Stepping ~*~*~tactically~*~*~ (outnumbered).
  5939 | D:9      | 5939 ||| Stepping ~*~*~tactically~*~*~ (outnumbered).
  5940 | D:9      | 5940 ||| Stepping ~*~*~tactically~*~*~ (outnumbered).
  5941 | D:9      | 5941 ||| Stepping ~*~*~tactically~*~*~ (outnumbered).
  5942 | D:9      | 5942 ||| Stepping ~*~*~tactically~*~*~ (outnumbered).
  5943 | D:9      | 5943 ||| Stepping ~*~*~tactically~*~*~ (outnumbered).
  5944 | D:9      | 5944 ||| Stepping ~*~*~tactically~*~*~ (outnumbered).
  5945 | D:9      | 5945 ||| Stepping ~*~*~tactically~*~*~ (outnumbered).
  5946 | D:9      | 5946 ||| Stepping ~*~*~tactically~*~*~ (outnumbered).
  5947 | D:9      | 5947 ||| Stepping ~*~*~tactically~*~*~ (outnumbered).
  5948 | D:9      | 5948 ||| Stepping ~*~*~tactically~*~*~ (outnumbered).
  5949 | D:9      | 5949 ||| INVOKING Heroism.
  5952 | D:9      | 5952 ||| Stepping ~*~*~tactically~*~*~ (outnumbered).
  5963 | D:9      | Reached skill level 12 in Ranged Weapons
  6062 | D:9      | 6062 ||| INVOKING Heroism.
  6092 | D:9      | 6092 ||| RETREATING.
  6123 | D:9      | 6123 ||| INVOKING Heroism.
  6148 | D:9      | Found a staircase to the Lair.
  6153 | D:9      | 6153 ||| INVOKING Heroism.
  6246 | D:9      | 6246 ||| INVOKING Heroism.
  6274 | D:9      | 6274 ||| INVOKING Heroism.
  6407 | D:9      | 6407 ||| INVOKING Heroism.
  6491 | D:9      | 6491 ||| Stepping ~*~*~tactically~*~*~ (water).
  6493 | D:9      | 6493 ||| Stepping ~*~*~tactically~*~*~ (water).
  6495 | D:9      | 6495 ||| Stepping ~*~*~tactically~*~*~ (water).
  6496 | D:9      | 6496 ||| INVOKING Heroism.
  6648 | D:9      | Reached skill level 9 in Fighting
  6696 | D:9      | 6696 ||| INVOKING Heroism.
  6706 | D:9      | Noticed an unseen horror
  6714 | D:9      | Killed an unseen horror
  6715 | D:9      | Reached XP level 11. HP: 70/71 MP: 12/14
  6954 | D:9      | 6954 ||| PLANNING LAIR
  6954 | D:9      | 6954 ||| READING scroll labelled XITHRE POYXUK.
  6955 | D:9      | 6955 ||| READING 2 scrolls of identify.
  6955 | D:9      | 6955 ||| IDENTIFYING cyan potion
  6983 | Lair:1   | Entered Level 1 of the Lair of Beasts
  7037 | Lair:1   | 7037 ||| Stepping ~*~*~tactically~*~*~ (retreating).
  7039 | Lair:1   | 7039 ||| Stepping ~*~*~tactically~*~*~ (retreating).
  7042 | Lair:1   | 7042 ||| Stepping ~*~*~tactically~*~*~ (retreating).
  7094 | Lair:1   | 7094 ||| RETREATING.
  7329 | Lair:1   | Noticed a boulder beetle
  7330 | Lair:1   | 7330 ||| INVOKING Heroism.
  7353 | Lair:1   | Killed a boulder beetle
  7510 | Lair:1   | 7510 ||| READING scroll of enchant armour.
  7510 | Lair:1   | 7510 ||| ENCHANTING +0 cloak.
  7514 | Lair:1   | 7514 ||| INVOKING Heroism.
  7575 | Lair:1   | Noticed a wolf spider
  7575 | Lair:1   | Noticed a wolf spider
  7576 | Lair:1   | 7576 ||| RETREATING.
  7583 | Lair:1   | 7583 ||| INVOKING Heroism.
  7584 | Lair:1   | 7584 ||| Stepping ~*~*~tactically~*~*~ (retreating).
  7597 | Lair:1   | Killed a wolf spider
  7608 | Lair:1   | 7608 ||| INVOKING Heroism.
  7709 | Lair:1   | 7709 ||| RETREATING.
  7714 | Lair:1   | 7714 ||| Stepping ~*~*~tactically~*~*~ (retreating).
  7730 | Lair:1   | Reached skill level 10 in Fighting
  7758 | Lair:1   | Reached *** piety under Okawaru
  7808 | Lair:1   | 7808 ||| INVOKING Heroism.
  7810 | Lair:1   | 7810 ||| RETREATING.
  7815 | Lair:1   | Killed a wolf spider
  7905 | Lair:1   | Noticed a catoblepas
  7906 | Lair:1   | 7906 ||| RETREATING.
  8010 | Lair:1   | 8010 ||| INVOKING Heroism.
  8020 | Lair:1   | Killed a catoblepas
  8027 | Lair:1   | Reached skill level 11 in Fighting
  8176 | Lair:1   | 8176 ||| INVOKING Heroism.
  8215 | Lair:1   | 8215 ||| INVOKING Heroism.
  8264 | Lair:1   | 8264 ||| DRINKING 2 yellow potions.
  8265 | Lair:1   | 8265 ||| READING 3 scrolls of identify.
  8265 | Lair:1   | 8265 ||| IDENTIFYING bubbling amethyst potion
  8266 | Lair:1   | 8266 ||| READING 2 scrolls of identify.
  8266 | Lair:1   | 8266 ||| IDENTIFYING red potion
  8267 | Lair:1   | 8267 ||| DROPPING potion of attraction.
  8303 | Lair:2   | 8303 ||| RETREATING.
  8305 | Lair:2   | 8305 ||| INVOKING Heroism.
  8322 | Lair:2   | Reached XP level 12. HP: 62/80 MP: 13/15
  8324 | Lair:2   | Reached skill level 6 in Armour
  8418 | Lair:2   | Reached **** piety under Okawaru
  8419 | Lair:2   | You fall into a shaft and drop 2 floors!
  8419 | Lair:4   | Noticed a catoblepas
  8420 | Lair:4   | 8420 ||| INVOKING Heroism.
  8440 | Lair:4   | Killed a catoblepas
  8601 | Lair:3   | Reached skill level 12 in Fighting
  8606 | Lair:3   | 8606 ||| RETREATING.
  8706 | Lair:3   | Noticed a five-headed hydra
  8707 | Lair:3   | 8707 ||| Stepping ~*~*~tactically~*~*~ (retreating).
  8708 | Lair:3   | 8708 ||| Stepping ~*~*~tactically~*~*~ (retreating).
  8716 | Lair:3   | 8716 ||| INVOKING Heroism.
  8726 | Lair:3   | Killed a five-headed hydra
  8778 | Lair:3   | 8778 ||| RETREATING.
  8783 | Lair:3   | 8783 ||| RETREATING.
  8785 | Lair:3   | 8785 ||| RETREATING.
  8787 | Lair:3   | 8787 ||| Stepping ~*~*~tactically~*~*~ (retreating).
  8810 | Lair:3   | Reached skill level 6 in Invocations
  8901 | Lair:2   | Reached skill level 6 in Dodging
  9005 | Lair:2   | 9005 ||| FLEEEEING.
  9017 | Lair:2   | Reached ***** piety under Okawaru
  9024 | Lair:2   | 9024 ||| RETREATING.
  9040 | Lair:2   | 9040 ||| FLEEEEING.
  9041 | Lair:2   | 9041 ||| FLEEEEING.
  9042 | Lair:2   | 9042 ||| FLEEEEING.
  9043 | Lair:2   | 9043 ||| FLEEEEING.
  9044 | Lair:2   | 9044 ||| FLEEEEING.
  9045 | Lair:2   | 9045 ||| FLEEEEING.
  9046 | Lair:2   | 9046 ||| FLEEEEING.
  9047 | Lair:2   | 9047 ||| FLEEEEING.
  9052 | Lair:2   | 9052 ||| FLEEEEING.
  9053 | Lair:2   | 9053 ||| INVOKING Heroism.
  9113 | Lair:2   | 9113 ||| INVOKING Heroism.
  9175 | Lair:2   | 9175 ||| INVOKING Heroism.
  9312 | Lair:2   | Found a hole to the Spider Nest.
  9359 | Lair:2   | Noticed a skyshark
  9381 | Lair:2   | Killed a skyshark
  9382 | Lair:2   | Reached skill level 13 in Fighting
  9520 | Lair:2   | 9520 ||| READING scroll of enchant armour.
  9520 | Lair:2   | 9520 ||| ENCHANTING +1 cloak.
  9728 | Lair:2   | 9728 ||| READING scroll labelled OJIAMECSIC.
  9729 | Lair:2   | 9729 ||| READING 2 scrolls of identify.
  9729 | Lair:2   | 9729 ||| IDENTIFYING fuming green potion
  9730 | Lair:2   | 9730 ||| DROPPING potion of ambrosia.
  9758 | Lair:3   | 9758 ||| STAIRDANCE
  9761 | Lair:2   | Reached XP level 13. HP: 88/88 MP: 19/19
  9772 | Lair:3   | 9772 ||| INVOKING Heroism.
  9851 | Lair:3   | 9851 ||| INVOKING Heroism.
  9860 | Lair:3   | 9860 ||| STAIRDANCE
  9867 | Lair:3   | 9867 ||| STAIRDANCE
  9869 | Lair:2   | 9869 ||| INVOKING Heroism.
  9898 | Lair:3   | 9898 ||| STAIRDANCE
  9920 | Lair:3   | 9920 ||| INVOKING Heroism.
  9961 | Lair:3   | 9961 ||| STAIRDANCE
 10149 | Lair:3   | Reached skill level 9 in Invocations
 10153 | Lair:3   | 10153 ||| INVOKING Heroism.
 10199 | Lair:3   | 10199 ||| INVOKING Heroism.
 10209 | Lair:3   | Received a gift from Okawaru
 10812 | Lair:3   | 10812 ||| DROPPING amulet of the acrobat.
 10836 | Lair:4   | 10836 ||| RETREATING.
 10838 | Lair:4   | 10838 ||| Stepping ~*~*~tactically~*~*~ (retreating).
 10840 | Lair:4   | 10840 ||| Stepping ~*~*~tactically~*~*~ (retreating).
 10844 | Lair:4   | 10844 ||| Stepping ~*~*~tactically~*~*~ (retreating).
 10845 | Lair:4   | 10845 ||| Stepping ~*~*~tactically~*~*~ (retreating).
 10958 | Lair:4   | Received a gift from Okawaru
 10967 | Lair:4   | 10967 ||| INVOKING Heroism.
 11188 | Lair:4   | 11188 ||| INVOKING Heroism.
 11189 | Lair:4   | 11189 ||| Stepping ~*~*~tactically~*~*~ (retreating).
 11203 | Lair:4   | Reached skill level 14 in Fighting
 11236 | Lair:4   | 11236 ||| INVOKING Heroism.
 11364 | Lair:4   | 11364 ||| RETREATING.
 11372 | Lair:4   | 11372 ||| INVOKING Heroism.
 11385 | Lair:4   | 11385 ||| Stepping ~*~*~tactically~*~*~ (retreating).
 11386 | Lair:4   | 11386 ||| Stepping ~*~*~tactically~*~*~ (retreating).
 11403 | Lair:4   | 11403 ||| Stepping ~*~*~tactically~*~*~ (retreating).
 11595 | Lair:4   | 11595 ||| INVOKING Heroism.
 11676 | Lair:4   | Found a hazy altar of Hepliaklqana.
 11932 | Lair:4   | 11932 ||| Stepping ~*~*~tactically~*~*~ (retreating).
 11938 | Lair:4   | 11938 ||| Stepping ~*~*~tactically~*~*~ (retreating).
 11939 | Lair:4   | 11939 ||| Stepping ~*~*~tactically~*~*~ (retreating).
 11940 | Lair:4   | 11940 ||| Stepping ~*~*~tactically~*~*~ (retreating).
 11943 | Lair:4   | 11943 ||| Stepping ~*~*~tactically~*~*~ (retreating).
 12069 | Lair:4   | 12069 ||| READING 2 scrolls of identify.
 12069 | Lair:4   | 12069 ||| IDENTIFYING fuming silvery potion
 12104 | Lair:5   | Entered Level 5 of the Lair of Beasts
 12128 | Lair:5   | 12128 ||| FLEEEEING.
 12129 | Lair:5   | 12129 ||| FLEEEEING.
 12130 | Lair:5   | 12130 ||| STAIRDANCE
 12198 | Lair:5   | 12198 ||| STAIRDANCE
 12228 | Lair:5   | 12228 ||| STAIRDANCE
 12264 | Lair:5   | 12264 ||| STAIRDANCE
 12284 | Lair:5   | 12284 ||| STAIRDANCE
 12328 | Lair:5   | 12328 ||| RETREATING.
 12337 | Lair:5   | 12337 ||| Stepping ~*~*~tactically~*~*~ (retreating).
 12338 | Lair:5   | 12338 ||| Stepping ~*~*~tactically~*~*~ (retreating).
 12339 | Lair:5   | 12339 ||| Stepping ~*~*~tactically~*~*~ (retreating).
 12340 | Lair:5   | 12340 ||| STAIRDANCE
 12427 | Lair:5   | 12427 ||| STAIRDANCE
 12434 | Lair:4   | 12434 ||| INVOKING Heroism.
 12609 | Lair:5   | 12609 ||| Stepping ~*~*~tactically~*~*~ (retreating).
 12610 | Lair:5   | 12610 ||| Stepping ~*~*~tactically~*~*~ (retreating).
 12611 | Lair:5   | 12611 ||| Stepping ~*~*~tactically~*~*~ (retreating).
 12612 | Lair:5   | 12612 ||| Stepping ~*~*~tactically~*~*~ (retreating).
 12613 | Lair:5   | 12613 ||| Stepping ~*~*~tactically~*~*~ (retreating).
 12614 | Lair:5   | 12614 ||| INVOKING Heroism.
 12726 | Lair:5   | 12726 ||| INVOKING Heroism.
 12733 | Lair:5   | 12733 ||| Stepping ~*~*~tactically~*~*~ (outnumbered).
 12734 | Lair:5   | 12734 ||| Stepping ~*~*~tactically~*~*~ (retreating).
 12735 | Lair:5   | 12735 ||| Stepping ~*~*~tactically~*~*~ (retreating).
 12736 | Lair:5   | 12736 ||| Stepping ~*~*~tactically~*~*~ (retreating).
 12753 | Lair:5   | Reached skill level 15 in Fighting
 12760 | Lair:5   | Gained mutation: Your large and strong wings let you fly.
                  | [Gargoyle growth]
 12760 | Lair:5   | Reached XP level 14. HP: 86/98 MP: 21/21
 12807 | Lair:5   | 12807 ||| INVOKING Heroism.
 12840 | Lair:5   | HP: 22/98 [skyshark (6)]
 12841 | Lair:5   | 12841 ||| READING 3 scrolls of teleportation.
 12842 | Lair:5   | 12842 ||| DRINKING 4 potions of heal wounds.
 12908 | Lair:5   | 12908 ||| INVOKING Heroism.
 12948 | Lair:5   | Identified the +0 buckler "Uditihi" {rPois Dex+4 Slay-4}
                  | (Okawaru gifted it to you on level 5 of the Lair of Beasts)
 12948 | Lair:5   | Received a gift from Okawaru
 12963 | Lair:5   | 12963 ||| INVOKING Heroism.
 13063 | Lair:5   | 13063 ||| Stepping ~*~*~tactically~*~*~ (retreating).
 13064 | Lair:5   | 13064 ||| Stepping ~*~*~tactically~*~*~ (retreating).
 13076 | Lair:5   | 13076 ||| INVOKING Heroism.
 13131 | Lair:5   | 13131 ||| INVOKING Heroism.
 13165 | Lair:5   | 13165 ||| INVOKING Heroism.
 13217 | Lair:5   | 13217 ||| INVOKING Heroism.
 13315 | Lair:5   | 13315 ||| INVOKING Heroism.
 13316 | Lair:5   | 13316 ||| INVOKING Finesse.
 13346 | Lair:5   | Reached skill level 16 in Fighting
 13401 | Lair:5   | 13401 ||| INVOKING Heroism.
 13609 | Lair:5   | Noticed Rupert
 13610 | Lair:5   | 13610 ||| INVOKING Heroism.
 13626 | Lair:5   | HP: 24/100 [Rupert/+0 executioner's axe of draining (8)]
 13627 | Lair:5   | 13627 ||| READING 2 scrolls of teleportation.
 13628 | Lair:5   | 13628 ||| DRINKING 3 potions of heal wounds.
 13637 | Lair:5   | 13637 ||| Stepping ~*~*~tactically~*~*~ (retreating).
 13638 | Lair:5   | HP: 23/100 [cane toad (7)]
 13639 | Lair:5   | 13639 ||| READING scroll of teleportation.
 13640 | Lair:5   | 13640 ||| DRINKING 2 potions of heal wounds.
 13642 | Lair:5   | 13642 ||| FLEEEEING.
 13700 | Lair:5   | 13700 ||| INVOKING Heroism.
 13828 | Lair:5   | 13828 ||| RETREATING.
 13838 | Lair:5   | Reached skill level 9 in Armour
 14007 | Lair:5   | 14007 ||| INVOKING Heroism.
 14064 | Lair:5   | 14064 ||| INVOKING Heroism.
 14079 | Lair:5   | 14079 ||| Stepping ~*~*~tactically~*~*~ (retreating).
 14080 | Lair:5   | 14080 ||| Stepping ~*~*~tactically~*~*~ (retreating).
 14088 | Lair:5   | 14088 ||| INVOKING Heroism.
 14093 | Lair:5   | Killed Rupert
 14155 | Lair:5   | 14155 ||| INVOKING Heroism.
 14271 | Lair:5   | Found a staircase to the Slime Pits.
 14756 | Lair:5   | Identified the +1 shortbow of Painted Innocence {flame,
                  | Contam Str+6 Int+3}
 14758 | Lair:5   | 14758 ||| DROPPING +1 shortbow of Painted Innocence {flame,
                  | Contam Str+6 Int+3}.
 14765 | Lair:5   | 14765 ||| PLANNING D:1-11
 14765 | Lair:5   | 14765 ||| READING scroll labelled AVO VUXKERE.
 14766 | Lair:5   | 14766 ||| READING 2 scrolls of identify.
 14766 | Lair:5   | 14766 ||| IDENTIFYING blue potion
 14888 | D:10     | Entered Level 10 of the Dungeon
 14932 | D:10     | 14932 ||| RETREATING.
 14933 | D:10     | 14933 ||| Stepping ~*~*~tactically~*~*~ (outnumbered).
 14943 | D:10     | 14943 ||| Stepping ~*~*~tactically~*~*~ (outnumbered).
 14948 | D:10     | 14948 ||| Stepping ~*~*~tactically~*~*~ (outnumbered).
 14949 | D:10     | 14949 ||| Stepping ~*~*~tactically~*~*~ (outnumbered).
 14972 | D:10     | 14972 ||| Stepping ~*~*~tactically~*~*~ (retreating).
 14973 | D:10     | 14973 ||| Stepping ~*~*~tactically~*~*~ (retreating).
 14975 | D:10     | 14975 ||| Stepping ~*~*~tactically~*~*~ (retreating).
 14976 | D:10     | 14976 ||| Stepping ~*~*~tactically~*~*~ (retreating).
 14977 | D:10     | 14977 ||| Stepping ~*~*~tactically~*~*~ (retreating).
 14977 | D:10     | Found a broken altar of Ashenzari.
 15075 | D:10     | 15075 ||| Stepping ~*~*~tactically~*~*~ (retreating).
 15080 | D:10     | 15080 ||| Stepping ~*~*~tactically~*~*~ (retreating).
 15081 | D:10     | 15081 ||| Stepping ~*~*~tactically~*~*~ (retreating).
 15082 | D:10     | 15082 ||| Stepping ~*~*~tactically~*~*~ (retreating).
 15087 | D:10     | 15087 ||| Stepping ~*~*~tactically~*~*~ (retreating).
 15094 | D:10     | 15094 ||| Stepping ~*~*~tactically~*~*~ (retreating).
 15107 | D:10     | Reached skill level 17 in Fighting
 15353 | D:10     | 15353 ||| RETREATING.
 15362 | D:10     | 15362 ||| RETREATING.
 15382 | D:10     | 15382 ||| FLEEEEING.
 15383 | D:10     | 15383 ||| FLEEEEING.
 15384 | D:10     | 15384 ||| FLEEEEING.
 15385 | D:10     | 15385 ||| FLEEEEING.
 15386 | D:10     | 15386 ||| FLEEEEING.
 15387 | D:10     | 15387 ||| FLEEEEING.
 15388 | D:10     | 15388 ||| STAIRDANCE
 15417 | D:9      | 15417 ||| READING 5 scrolls of identify.
 15417 | D:9      | 15417 ||| IDENTIFYING green potion
 15418 | D:9      | 15418 ||| DRINKING potion of experience.
 15418 | D:9      | Reached skill level 9 in Dodging
 15418 | D:9      | Reached XP level 15. HP: 107/107 MP: 22/22
 15434 | D:10     | 15434 ||| STAIRDANCE
 16011 | D:11     | Found a transporter.
 16015 | D:11     | Found a bloodstained altar of Trog.
 16015 | D:11     | Noticed qw's ghost (journeyman GrHu)
 16022 | D:11     | Found a transporter.
 16062 | D:11     | 16062 ||| FLEEEEING.
 16063 | D:11     | 16063 ||| FLEEEEING.
 16064 | D:11     | 16064 ||| FLEEEEING.
 16065 | D:11     | 16065 ||| STAIRDANCE
 16543 | D:11     | 16543 ||| PLANNING D
 17230 | D:12     | Reached XP level 16. HP: 108/114 MP: 23/23
 17567 | D:13     | 17567 ||| STAIRDANCE
 17637 | D:13     | Reached skill level 18 in Fighting
 17650 | D:13     | 17650 ||| Stepping ~*~*~tactically~*~*~ (retreating).
 17655 | D:13     | 17655 ||| INVOKING Heroism.
 17914 | D:13     | Noticed Sonja
 17915 | D:13     | 17915 ||| INVOKING Finesse.
 17916 | D:13     | 17916 ||| RETREATING.
 17938 | D:13     | Killed Sonja
 18190 | D:13     | Noticed Nessos
 18191 | D:13     | 18191 ||| INVOKING Finesse.
 18201 | D:13     | Killed Nessos
 18233 | D:13     | 18233 ||| SWAPPING to +2 longbow of flaming.
 18234 | D:13     | 18234 ||| DROPPING +8 sling "Zuasmoqu" {speed, rF++}.
 18235 | D:13     | 18235 ||| DROPPING +0 orcbow.
 18236 | D:13     | 18236 ||| READING 3 scrolls of enchant weapon.
 18236 | D:13     | 18236 ||| ENCHANTING +2 longbow of flaming.
 18237 | D:13     | 18237 ||| READING 2 scrolls of enchant weapon.
 18237 | D:13     | 18237 ||| ENCHANTING +3 longbow of flaming.
 18238 | D:13     | 18238 ||| READING scroll of enchant weapon.
 18238 | D:13     | 18238 ||| ENCHANTING +4 longbow of flaming.
 18377 | D:13     | 18377 ||| INVOKING Heroism.
 18378 | D:13     | 18378 ||| Stepping ~*~*~tactically~*~*~ (outnumbered).
 18379 | D:13     | 18379 ||| Stepping ~*~*~tactically~*~*~ (outnumbered).
 18597 | D:13     | Found a runed translucent gate.
 18597 | D:13     | Found a runed translucent gate.
 18602 | D:13     | 18602 ||| DROPPING +2 heavy longbow.
 18605 | D:13     | Found an opulent altar of Gozag.
 18605 | D:13     | Found a runed translucent gate.
 18608 | D:13     | Noticed Iplucs's ghost (journeyman FeBe)
 18611 | D:13     | Found Xekhlygo's Assorted Antiques.
 18862 | D:13     | 18862 ||| UPGRADING to +0 troll leather armour.
 18872 | D:13     | 18872 ||| DROPPING +2 ring mail of poison resistance.
 18873 | D:13     | 18873 ||| READING scroll labelled GAEFFOPYSA.
 18996 | D:14     | Noticed Lodul
 18996 | D:14     | Found a gate to the Vaults.
 18997 | D:14     | 18997 ||| INVOKING Heroism.
 18998 | D:14     | 18998 ||| STAIRDANCE
 19052 | D:14     | 19052 ||| STAIRDANCE
 19114 | D:14     | 19114 ||| STAIRDANCE
 19178 | D:14     | 19178 ||| STAIRDANCE
 19180 | D:13     | 19180 ||| INVOKING Finesse.
 19260 | D:14     | 19260 ||| STAIRDANCE
 19271 | D:13     | 19271 ||| INVOKING Heroism.
 19364 | D:14     | 19364 ||| STAIRDANCE
 19447 | D:14     | 19447 ||| STAIRDANCE
 19497 | D:14     | 19497 ||| STAIRDANCE
 19554 | D:14     | 19554 ||| STAIRDANCE
 19626 | D:14     | 19626 ||| INVOKING Heroism.
 19628 | D:14     | 19628 ||| STAIRDANCE
 19632 | D:13     | Killed Lodul
 19684 | D:14     | 19684 ||| INVOKING Heroism.
 19695 | D:14     | Reached skill level 15 in Ranged Weapons
 19838 | D:14     | 19838 ||| INVOKING Heroism.
 19887 | D:14     | Found a large runed translucent door.
 19889 | D:14     | Found a large runed translucent door.
 19891 | D:14     | Noticed Cown's ghost (journeyman TrHu)
 19942 | D:14     | 19942 ||| INVOKING Heroism.
 19943 | D:14     | 19943 ||| INVOKING Finesse.
 20172 | D:14     | 20172 ||| DROPPING ring of wizardry.
 20173 | D:14     | 20173 ||| DROPPING ring of positive energy.
 20201 | D:15     | Entered Level 15 of the Dungeon
 20245 | D:15     | 20245 ||| Stepping ~*~*~tactically~*~*~ (retreating).
 20246 | D:15     | 20246 ||| INVOKING Heroism.
 20337 | D:15     | Found a staircase to the Depths.
 20381 | D:15     | 20381 ||| RETREATING.
 20385 | D:15     | 20385 ||| Stepping ~*~*~tactically~*~*~ (retreating).
 20387 | D:15     | 20387 ||| Stepping ~*~*~tactically~*~*~ (retreating).
 20388 | D:15     | 20388 ||| Stepping ~*~*~tactically~*~*~ (retreating).
 20389 | D:15     | 20389 ||| Stepping ~*~*~tactically~*~*~ (retreating).
 20390 | D:15     | 20390 ||| Stepping ~*~*~tactically~*~*~ (retreating).
 20452 | D:15     | Received a gift from Okawaru
 20505 | D:15     | Noticed Kirke
 20506 | D:15     | 20506 ||| Stepping ~*~*~tactically~*~*~ (retreating).
 20527 | D:15     | 20527 ||| INVOKING Heroism.
 20528 | D:15     | 20528 ||| INVOKING Finesse.
 20529 | D:15     | 20529 ||| FLEEEEING.
 20530 | D:15     | 20530 ||| RETREATING.
 20533 | D:15     | 20533 ||| FLEEEEING.
 20535 | D:15     | 20535 ||| FLEEEEING.
 20536 | D:15     | 20536 ||| READING 6 scrolls of teleportation.
 20537 | D:15     | 20537 ||| Stepping ~*~*~tactically~*~*~ (retreating).
 20538 | D:15     | 20538 ||| FLEEEEING.
 20539 | D:15     | 20539 ||| FLEEEEING.
 20540 | D:15     | 20540 ||| FLEEEEING.
 20589 | D:15     | 20589 ||| INVOKING Heroism.
 20597 | D:15     | 20597 ||| Stepping ~*~*~tactically~*~*~ (retreating).
 20598 | D:15     | 20598 ||| Stepping ~*~*~tactically~*~*~ (retreating).
 20600 | D:15     | Killed Kirke
 20761 | D:15     | 20761 ||| INVOKING Heroism.
 20762 | D:15     | 20762 ||| RETREATING.
 20765 | D:15     | 20765 ||| Stepping ~*~*~tactically~*~*~ (retreating).
 20967 | D:15     | 20967 ||| Stepping ~*~*~tactically~*~*~ (outnumbered).
 20980 | D:15     | 20980 ||| Stepping ~*~*~tactically~*~*~ (outnumbered).
 20981 | D:15     | 20981 ||| Stepping ~*~*~tactically~*~*~ (outnumbered).
 21127 | D:15     | Noticed Roxanne
 21128 | D:15     | 21128 ||| INVOKING Heroism.
 21129 | D:15     | 21129 ||| INVOKING Finesse.
 21142 | D:15     | Killed Roxanne
 21372 | D:15     | 21372 ||| PLANNING ORC
 21372 | D:15     | 21372 ||| DROPPING amulet of guardian spirit.
 21373 | D:15     | 21373 ||| READING 9 scrolls of identify.
 21373 | D:15     | 21373 ||| IDENTIFYING sedimented puce potion
 21509 | Orc:1    | Entered Level 1 of the Orcish Mines
 21543 | Orc:2    | Entered Level 2 of the Orcish Mines
 21543 | Orc:2    | Found a staircase to the Elven Halls.
 21549 | Orc:2    | 21549 ||| STAIRDANCE
 21554 | Orc:2    | 21554 ||| STAIRDANCE
 21562 | Orc:2    | 21562 ||| STAIRDANCE
 21613 | Orc:2    | 21613 ||| INVOKING Heroism.
 21624 | Orc:2    | 21624 ||| Stepping ~*~*~tactically~*~*~ (retreating).
 21625 | Orc:2    | 21625 ||| Stepping ~*~*~tactically~*~*~ (retreating).
 21626 | Orc:2    | 21626 ||| Stepping ~*~*~tactically~*~*~ (retreating).
 21627 | Orc:2    | 21627 ||| Stepping ~*~*~tactically~*~*~ (retreating).
 21628 | Orc:2    | 21628 ||| Stepping ~*~*~tactically~*~*~ (retreating).
 21631 | Orc:2    | 21631 ||| INVOKING Heroism.
 21657 | Orc:2    | Reached XP level 17. HP: 85/119 MP: 24/24
 21709 | Orc:2    | Found Axyrydghaz's Antique Weapon Boutique.
 21709 | Orc:2    | Found Ineod's Magic Scroll Shoppe.
 21710 | Orc:2    | 21710 ||| RETREATING.
 21723 | Orc:2    | 21723 ||| Stepping ~*~*~tactically~*~*~ (retreating).
 21724 | Orc:2    | 21724 ||| Stepping ~*~*~tactically~*~*~ (retreating).
 21726 | Orc:2    | 21726 ||| Stepping ~*~*~tactically~*~*~ (retreating).
 21727 | Orc:2    | 21727 ||| Stepping ~*~*~tactically~*~*~ (retreating).
 21728 | Orc:2    | 21728 ||| Stepping ~*~*~tactically~*~*~ (retreating).
 21735 | Orc:2    | 21735 ||| Stepping ~*~*~tactically~*~*~ (retreating).
 21739 | Orc:2    | Identified the +2 pair of gloves "Vutteph" {Rampage rF+
                  | Str+3 Stlth+} (Okawaru gifted it to you on level 2 of the
                  | Orcish Mines)
 21739 | Orc:2    | Received a gift from Okawaru
 21753 | Orc:2    | 21753 ||| FLEEEEING.
 21768 | Orc:2    | 21768 ||| Stepping ~*~*~tactically~*~*~ (retreating).
 21775 | Orc:2    | 21775 ||| Stepping ~*~*~tactically~*~*~ (outnumbered).
 21785 | Orc:2    | 21785 ||| Stepping ~*~*~tactically~*~*~ (retreating).
 21794 | Orc:2    | Reached skill level 18 in Ranged Weapons
 21794 | Orc:2    | 21794 ||| Stepping ~*~*~tactically~*~*~ (retreating).
 21827 | Orc:2    | 21827 ||| Stepping ~*~*~tactically~*~*~ (retreating).
 21828 | Orc:2    | 21828 ||| Stepping ~*~*~tactically~*~*~ (retreating).
 21829 | Orc:2    | 21829 ||| Stepping ~*~*~tactically~*~*~ (retreating).
 21831 | Orc:2    | 21831 ||| Stepping ~*~*~tactically~*~*~ (retreating).
 21905 | Orc:2    | Found Ufos's Distillery.
 21905 | Orc:2    | Found Quixti's Jewellery Emporium.
 21912 | Orc:2    | 21912 ||| BUYING scroll of enchant weapon (90 gold).
 21912 | Orc:2    | Bought a scroll of enchant weapon for 90 gold pieces
 21912 | Orc:2    | 21912 ||| BUYING scroll of identify (24 gold).
 21912 | Orc:2    | Bought a scroll of identify for 24 gold pieces
 21912 | Orc:2    | 21912 ||| READING scroll of enchant weapon.
 21912 | Orc:2    | 21912 ||| ENCHANTING +5 longbow of flaming.
 21914 | Orc:2    | 21914 ||| BUYING potion of curing (42 gold).
 21914 | Orc:2    | Bought a potion of curing for 42 gold pieces
 21914 | Orc:2    | 21914 ||| BUYING potion of curing (42 gold).
 21914 | Orc:2    | Bought a potion of curing for 42 gold pieces
 21914 | Orc:2    | 21914 ||| BUYING potion of curing (42 gold).
 21914 | Orc:2    | Bought a potion of curing for 42 gold pieces
 21914 | Orc:2    | 21914 ||| BUYING potion of curing (42 gold).
 21914 | Orc:2    | Bought a potion of curing for 42 gold pieces
 21914 | Orc:2    | 21914 ||| BUYING potion of enlightenment (70 gold).
 21914 | Orc:2    | Bought a potion of enlightenment for 70 gold pieces
 21914 | Orc:2    | 21914 ||| BUYING potion of enlightenment (70 gold).
 21914 | Orc:2    | Bought a potion of enlightenment for 70 gold pieces
 21915 | Orc:2    | 21915 ||| BUYING +4 ring of protection (540 gold).
 21915 | Orc:2    | Bought a +4 ring of protection for 540 gold pieces
 21915 | Orc:2    | 21915 ||| BUYING +6 ring of dexterity (540 gold).
 21915 | Orc:2    | Bought a +6 ring of dexterity for 540 gold pieces
 21958 | Orc:2    | 21958 ||| UPGRADING to +2 pair of gloves "Vutteph" {Rampage
                  | rF+ Str+3 Stlth+}.
 21963 | Orc:2    | 21963 ||| DROPPING ring of ice.
 21964 | Orc:2    | 21964 ||| DROPPING +4 ring of protection.
 21965 | Orc:2    | 21965 ||| UPGRADING to +6 ring of dexterity.
 21967 | Orc:2    | 21967 ||| DROPPING +6 ring of strength.
 22028 | Orc:1    | 22028 ||| Stepping ~*~*~tactically~*~*~ (outnumbered).
 22033 | Orc:1    | 22033 ||| Stepping ~*~*~tactically~*~*~ (outnumbered).
 22035 | Orc:1    | 22035 ||| Stepping ~*~*~tactically~*~*~ (retreating).
 22043 | Orc:1    | 22043 ||| INVOKING Heroism.
 22044 | Orc:1    | 22044 ||| INVOKING Finesse.
 22052 | Orc:1    | 22052 ||| Stepping ~*~*~tactically~*~*~ (outnumbered).
 22054 | Orc:1    | 22054 ||| Stepping ~*~*~tactically~*~*~ (outnumbered).
 22124 | Orc:1    | 22124 ||| RETREATING.
 22138 | Orc:1    | 22138 ||| RETREATING.
 22146 | Orc:1    | 22146 ||| Stepping ~*~*~tactically~*~*~ (outnumbered).
 22184 | Orc:1    | 22184 ||| RETREATING.
 22187 | Orc:1    | 22187 ||| INVOKING Heroism.
 22188 | Orc:1    | 22188 ||| INVOKING Finesse.
 22189 | Orc:1    | 22189 ||| Stepping ~*~*~tactically~*~*~ (retreating).
 22344 | Orc:1    | Identified the +3 short sword "Jeomuim" {drain, *Corrode
                  | rPois rC+ rN++}
 22369 | Orc:1    | Found the ring of the Octopus King
 22371 | Orc:1    | Identified a ring of the Octopus King {rN+ HP+2 AC+2 EV+2
                  | SH+2}
 22373 | Orc:1    | Identified the +0 leather armour "Pilil" {+Inv rC+ Str+3
                  | Int+4}
 22641 | Orc:1    | 22641 ||| DROPPING +0 leather armour "Pilil" {+Inv rC+
                  | Str+3 Int+4}.
 22642 | Orc:1    | 22642 ||| UPGRADING to ring of the Octopus King {rN+ HP+2
                  | AC+2 EV+2 SH+2}.
 22645 | Orc:1    | 22645 ||| DROPPING +4 ring of protection.
 22646 | Orc:1    | 22646 ||| DROPPING ring of see invisible.
 22849 | Orc:2    | 22849 ||| PLANNING SPIDER:1-3
 22960 | Spider:1 | Entered Level 1 of the Spider Nest
 22996 | Spider:1 | 22996 ||| Stepping ~*~*~tactically~*~*~ (retreating).
 22997 | Spider:1 | 22997 ||| Stepping ~*~*~tactically~*~*~ (retreating).
 23006 | Spider:1 | 23006 ||| INVOKING Heroism.
 23330 | Spider:1 | 23330 ||| INVOKING Heroism.
 23895 | Spider:2 | 23895 ||| INVOKING Heroism.
 23898 | Spider:2 | 23898 ||| RETREATING.
 23899 | Spider:2 | 23899 ||| Stepping ~*~*~tactically~*~*~ (retreating).
 23900 | Spider:2 | 23900 ||| Stepping ~*~*~tactically~*~*~ (retreating).
 23902 | Spider:2 | 23902 ||| Stepping ~*~*~tactically~*~*~ (retreating).
 23903 | Spider:2 | 23903 ||| Stepping ~*~*~tactically~*~*~ (retreating).
 23906 | Spider:2 | 23906 ||| DRINKING 10 potions of curing.
 23906 | Spider:2 | 23906 ||| (to cure confusion)
 23945 | Spider:2 | 23945 ||| INVOKING Heroism.
 23990 | Spider:2 | 23990 ||| Stepping ~*~*~tactically~*~*~ (outnumbered).
 24077 | Spider:2 | 24077 ||| INVOKING Finesse.
 24120 | Spider:2 | Noticed Arachne
 24131 | Spider:2 | Killed Arachne
 24198 | Spider:2 | Noticed Agnes
 24199 | Spider:2 | 24199 ||| INVOKING Heroism.
 24204 | Spider:2 | Killed Agnes
 24425 | Spider:2 | 24425 ||| Stepping ~*~*~tactically~*~*~ (outnumbered).
 24427 | Spider:2 | 24427 ||| Stepping ~*~*~tactically~*~*~ (retreating).
 24446 | Spider:2 | Reached XP level 18. HP: 125/125 MP: 25/25
 24780 | Spider:3 | 24780 ||| INVOKING Heroism.
 24785 | Spider:3 | 24785 ||| STAIRDANCE
 24790 | Spider:2 | 24790 ||| Stepping ~*~*~tactically~*~*~ (retreating).
 24791 | Spider:2 | 24791 ||| Stepping ~*~*~tactically~*~*~ (retreating).
 24792 | Spider:2 | 24792 ||| Stepping ~*~*~tactically~*~*~ (retreating).
 24793 | Spider:2 | 24793 ||| Stepping ~*~*~tactically~*~*~ (retreating).
 24794 | Spider:2 | 24794 ||| Stepping ~*~*~tactically~*~*~ (retreating).
 24795 | Spider:2 | 24795 ||| Stepping ~*~*~tactically~*~*~ (retreating).
 24796 | Spider:2 | 24796 ||| DRINKING 9 potions of curing.
 24796 | Spider:2 | 24796 ||| (to cure confusion)
 24826 | Spider:3 | 24826 ||| INVOKING Heroism.
 24886 | Spider:3 | 24886 ||| Stepping ~*~*~tactically~*~*~ (outnumbered).
 24949 | Spider:3 | 24949 ||| INVOKING Finesse.
 25063 | Spider:3 | 25063 ||| INVOKING Heroism.
 25182 | Spider:3 | 25182 ||| RETREATING.
 25184 | Spider:3 | 25184 ||| RETREATING.
 25188 | Spider:3 | 25188 ||| RETREATING.
 25201 | Spider:3 | Reached skill level 12 in Dodging
 25241 | Spider:3 | 25241 ||| READING scroll of enchant weapon.
 25241 | Spider:3 | 25241 ||| ENCHANTING +6 longbow of flaming.
 25317 | Spider:3 | 25317 ||| PLANNING SHOALS:1-3
 25405 | Shoals:1 | Entered Level 1 of the Shoals
 25673 | Shoals:1 | 25673 ||| INVOKING Heroism.
 25898 | Shoals:1 | 25898 ||| INVOKING Heroism.
 26192 | Shoals:1 | 26192 ||| DROPPING +1 ring mail of cold resistance.
 26245 | Shoals:2 | Identified the +1 orcbow of Gicvuomm {elec, rElec rF+ Str+3
                  | Dex-3} (Okawaru gifted it to you on level 2 of the Shoals)
 26245 | Shoals:2 | Received a gift from Okawaru
 26339 | Shoals:2 | Reached skill level 19 in Fighting
 26348 | Shoals:2 | 26348 ||| READING scroll of brand weapon.
 26348 | Shoals:2 | 26348 ||| BRANDING +7 longbow of flaming.
 26364 | Shoals:2 | 26364 ||| INVOKING Heroism.
 26426 | Shoals:2 | Found a runed translucent gate.
 26427 | Shoals:2 | Found a runed translucent gate.
 26428 | Shoals:2 | Found a runed translucent gate.
 26437 | Shoals:2 | 26437 ||| RETREATING.
 26558 | Shoals:2 | 26558 ||| INVOKING Heroism.
 26559 | Shoals:2 | 26559 ||| INVOKING Finesse.
 26562 | Shoals:2 | 26562 ||| RETREATING.
 26767 | Shoals:2 | Noticed Ilsuiw
 26768 | Shoals:2 | 26768 ||| INVOKING Heroism.
 26769 | Shoals:2 | 26769 ||| INVOKING Finesse.
 26782 | Shoals:2 | Killed Ilsuiw
 26990 | Shoals:2 | 26990 ||| INVOKING Heroism.
 27226 | Shoals:3 | 27226 ||| Stepping ~*~*~tactically~*~*~ (outnumbered).
 27239 | Shoals:3 | 27239 ||| Stepping ~*~*~tactically~*~*~ (outnumbered).
 27244 | Shoals:3 | 27244 ||| INVOKING Heroism.
 27281 | Shoals:3 | 27281 ||| Stepping ~*~*~tactically~*~*~ (outnumbered).
 27364 | Shoals:3 | 27364 ||| RETREATING.
 27366 | Shoals:3 | 27366 ||| Stepping ~*~*~tactically~*~*~ (outnumbered).
 27380 | Shoals:3 | 27380 ||| Stepping ~*~*~tactically~*~*~ (outnumbered).
 27391 | Shoals:3 | 27391 ||| Stepping ~*~*~tactically~*~*~ (retreating).
 27392 | Shoals:3 | 27392 ||| Stepping ~*~*~tactically~*~*~ (retreating).
 27393 | Shoals:3 | 27393 ||| Stepping ~*~*~tactically~*~*~ (retreating).
 27394 | Shoals:3 | 27394 ||| Stepping ~*~*~tactically~*~*~ (outnumbered).
 27426 | Shoals:3 | 27426 ||| INVOKING Heroism.
 28000 | Shoals:3 | 28000 ||| PLANNING SPIDER:4
 28000 | Shoals:3 | 28000 ||| DROPPING +1 pair of boots of flying.
 28190 | Spider:4 | Entered Level 4 of the Spider Nest
 28192 | Spider:4 | 28192 ||| STAIRDANCE
 28197 | Spider:4 | 28197 ||| STAIRDANCE
 28212 | Spider:4 | Received a gift from Okawaru
 28220 | Spider:4 | 28220 ||| READING scroll of enchant weapon.
 28220 | Spider:4 | 28220 ||| ENCHANTING +7 longbow of draining.
 28243 | Spider:4 | 28243 ||| INVOKING Heroism.
 28244 | Spider:4 | 28244 ||| RETREATING.
 28255 | Spider:4 | 28255 ||| Stepping ~*~*~tactically~*~*~ (retreating).
 28257 | Spider:4 | 28257 ||| INVOKING Finesse.
 28390 | Spider:4 | 28390 ||| RETREATING.
 28397 | Spider:4 | 28397 ||| Stepping ~*~*~tactically~*~*~ (retreating).
 28398 | Spider:4 | 28398 ||| Stepping ~*~*~tactically~*~*~ (retreating).
 28399 | Spider:4 | 28399 ||| Stepping ~*~*~tactically~*~*~ (retreating).
 28400 | Spider:4 | 28400 ||| Stepping ~*~*~tactically~*~*~ (retreating).
 28401 | Spider:4 | 28401 ||| Stepping ~*~*~tactically~*~*~ (retreating).
 28622 | Spider:4 | Identified the +8 scimitar of Jaisoluy {antimagic, Contam
                  | rF+ Will+++ SInv}
 28658 | Spider:4 | Noticed qw's ghost (adept MiHs)
 28667 | Spider:4 | Found a runed translucent door.
 28714 | Spider:4 | Reached skill level 20 in Fighting
 28872 | Spider:4 | Reached XP level 19. HP: 135/135 MP: 24/26
 28896 | Spider:4 | 28896 ||| Stepping randomly (disturbance).
 28897 | Spider:4 | 28897 ||| Stepping randomly (disturbance).
 28898 | Spider:4 | 28898 ||| Stepping randomly (disturbance).
 28902 | Spider:4 | 28902 ||| Stepping randomly (disturbance).
 28903 | Spider:4 | 28903 ||| Stepping randomly (disturbance).
 29083 | Spider:4 | 29083 ||| INVOKING Finesse.
 29084 | Spider:4 | 29084 ||| RETREATING.
 29113 | Spider:4 | 29113 ||| INVOKING Heroism.
 29150 | Spider:4 | 29150 ||| RETREATING.
 29154 | Spider:4 | 29154 ||| INVOKING Finesse.
 29175 | Spider:4 | 29175 ||| Stepping randomly (disturbance).
 29390 | Spider:4 | Identified the +3 hat of Inference {Harm MP+9 Str-4 Int-4}
 29394 | Spider:4 | 29394 ||| DRINKING potion of experience.
 29394 | Spider:4 | Reached skill level 21 in Fighting
 29394 | Spider:4 | Reached XP level 20. HP: 144/144 MP: 27/27
 29396 | Spider:4 | Got a gossamer rune of Zot
 29397 | Spider:4 | Identified the +2 hat of Zimpem {rF+ rC- SInv}
 29730 | Spider:4 | 29730 ||| PLANNING VAULTS:1-4
 29730 | Spider:4 | 29730 ||| DROPPING +1 pair of gloves of hurling.
 29731 | Spider:4 | 29731 ||| UPGRADING to +2 hat of Zimpem {rF+ rC- SInv}.
 29736 | Spider:4 | 29736 ||| DROPPING +3 leather armour.
 29798 | Spider:2 | 29798 ||| Stepping ~*~*~tactically~*~*~ (outnumbered).
 30006 | Vaults:1 | Entered Level 1 of the Vaults
 30022 | Vaults:1 | 30022 ||| Stepping ~*~*~tactically~*~*~ (outnumbered).
 30023 | Vaults:1 | 30023 ||| Stepping ~*~*~tactically~*~*~ (outnumbered).
 30024 | Vaults:1 | 30024 ||| Stepping ~*~*~tactically~*~*~ (outnumbered).
 30033 | Vaults:1 | Identified the +1 arbalest "Huigotopp" {penet, Fragile
                  | rElec Will++ rCorr} (Okawaru gifted it to you on level 1 of
                  | the Vaults)
 30033 | Vaults:1 | Received a gift from Okawaru
 30049 | Vaults:1 | 30049 ||| INVOKING Heroism.
 30050 | Vaults:1 | 30050 ||| INVOKING Finesse.
 30087 | Vaults:1 | 30087 ||| INVOKING Heroism.
 30170 | Vaults:1 | Identified the +12 sling "Ydghaham" {freeze, rCorr Str-2
                  | Stlth+}
 30181 | Vaults:1 | 30181 ||| INVOKING Heroism.
 30255 | Vaults:1 | 30255 ||| RETREATING.
 30373 | Vaults:1 | 30373 ||| Stepping ~*~*~tactically~*~*~ (outnumbered).
 30375 | Vaults:1 | 30375 ||| Stepping ~*~*~tactically~*~*~ (outnumbered).
 30377 | Vaults:1 | 30377 ||| Stepping ~*~*~tactically~*~*~ (outnumbered).
 30388 | Vaults:1 | 30388 ||| RETREATING.
 30389 | Vaults:1 | 30389 ||| Stepping ~*~*~tactically~*~*~ (retreating).
 30390 | Vaults:1 | 30390 ||| INVOKING Heroism.
 30393 | Vaults:1 | HP: 22/146 [ironbound frostheart/creeping frost (30)]
 30394 | Vaults:1 | 30394 ||| READING 6 scrolls of teleportation.
 30395 | Vaults:1 | 30395 ||| DRINKING 6 potions of heal wounds.
 30401 | Vaults:1 | HP: 36/146 [centaur warrior (3)]
 30402 | Vaults:1 | 30402 ||| READING 5 scrolls of teleportation.
 30403 | Vaults:1 | 30403 ||| DRINKING 5 potions of heal wounds.
 30535 | Vaults:1 | Identified the +6 battleaxe "Giantslayer" {speed, Str-3
                  | Int+4}
 30539 | Vaults:1 | 30539 ||| FLEEEEING.
 30540 | Vaults:1 | 30540 ||| FLEEEEING.
 30543 | Vaults:1 | 30543 ||| FLEEEEING.
 30544 | Vaults:1 | 30544 ||| FLEEEEING.
 30567 | Vaults:1 | 30567 ||| FLEEEEING.
 30568 | Vaults:1 | 30568 ||| RETREATING.
 30571 | Vaults:1 | 30571 ||| Stepping ~*~*~tactically~*~*~ (retreating).
 30577 | Vaults:1 | 30577 ||| Stepping ~*~*~tactically~*~*~ (retreating).
 30578 | Vaults:1 | 30578 ||| Stepping ~*~*~tactically~*~*~ (retreating).
 30579 | Vaults:1 | 30579 ||| Stepping ~*~*~tactically~*~*~ (retreating).
 30590 | Vaults:1 | 30590 ||| Stepping ~*~*~tactically~*~*~ (retreating).
 30591 | Vaults:1 | 30591 ||| Stepping ~*~*~tactically~*~*~ (retreating).
 30592 | Vaults:1 | 30592 ||| Stepping ~*~*~tactically~*~*~ (retreating).
 30602 | Vaults:1 | 30602 ||| INVOKING Heroism.
 30605 | Vaults:1 | 30605 ||| Stepping ~*~*~tactically~*~*~ (retreating).
 30606 | Vaults:1 | 30606 ||| Stepping ~*~*~tactically~*~*~ (retreating).
 30607 | Vaults:1 | 30607 ||| Stepping ~*~*~tactically~*~*~ (retreating).
 30608 | Vaults:1 | 30608 ||| Stepping ~*~*~tactically~*~*~ (retreating).
 30609 | Vaults:1 | 30609 ||| Stepping ~*~*~tactically~*~*~ (retreating).
 30982 | Vaults:1 | Noticed Zenata
 30983 | Vaults:1 | 30983 ||| INVOKING Heroism.
 30994 | Vaults:1 | 30994 ||| Stepping ~*~*~tactically~*~*~ (retreating).
 30996 | Vaults:1 | Killed Zenata
 31036 | Vaults:1 | 31036 ||| Stepping ~*~*~tactically~*~*~ (outnumbered).
 31038 | Vaults:1 | 31038 ||| Stepping ~*~*~tactically~*~*~ (outnumbered).
 31040 | Vaults:1 | 31040 ||| Stepping ~*~*~tactically~*~*~ (outnumbered).
 31295 | Vaults:1 | 31295 ||| FLEEEEING.
 31296 | Vaults:1 | 31296 ||| FLEEEEING.
 31299 | Vaults:1 | 31299 ||| FLEEEEING.
 31300 | Vaults:1 | 31300 ||| FLEEEEING.
 31301 | Vaults:1 | 31301 ||| FLEEEEING.
 31302 | Vaults:1 | 31302 ||| FLEEEEING.
 31303 | Vaults:1 | 31303 ||| FLEEEEING.
 31304 | Vaults:1 | 31304 ||| FLEEEEING.
 31306 | Vaults:1 | 31306 ||| FLEEEEING.
 31309 | Vaults:1 | 31309 ||| FLEEEEING.
 31311 | Vaults:1 | 31311 ||| FLEEEEING.
 31312 | Vaults:1 | 31312 ||| FLEEEEING.
 31323 | Vaults:1 | 31323 ||| FLEEEEING.
 31324 | Vaults:1 | 31324 ||| FLEEEEING.
 31326 | Vaults:1 | 31326 ||| FLEEEEING.
 31327 | Vaults:1 | 31327 ||| FLEEEEING.
 31329 | Vaults:1 | 31329 ||| FLEEEEING.
 31330 | Vaults:1 | 31330 ||| FLEEEEING.
 31331 | Vaults:1 | 31331 ||| FLEEEEING.
 31332 | Vaults:1 | 31332 ||| FLEEEEING.
 31493 | Vaults:1 | 31493 ||| FLEEEEING.
 31495 | Vaults:1 | 31495 ||| FLEEEEING.
 31496 | Vaults:1 | 31496 ||| FLEEEEING.
 31497 | Vaults:1 | 31497 ||| FLEEEEING.
 31507 | Vaults:1 | 31507 ||| FLEEEEING.
 31508 | Vaults:1 | 31508 ||| FLEEEEING.
 31509 | Vaults:1 | 31509 ||| FLEEEEING.
 31510 | Vaults:1 | 31510 ||| FLEEEEING.
 31511 | Vaults:1 | 31511 ||| FLEEEEING.
 31512 | Vaults:1 | 31512 ||| FLEEEEING.
 31513 | Vaults:1 | 31513 ||| FLEEEEING.
 31514 | Vaults:1 | 31514 ||| FLEEEEING.
 31515 | Vaults:1 | 31515 ||| FLEEEEING.
 31516 | Vaults:1 | 31516 ||| FLEEEEING.
 31517 | Vaults:1 | 31517 ||| FLEEEEING.
 31518 | Vaults:1 | 31518 ||| FLEEEEING.
 31519 | Vaults:1 | 31519 ||| FLEEEEING.
 31520 | Vaults:1 | 31520 ||| FLEEEEING.
 31521 | Vaults:1 | 31521 ||| FLEEEEING.
 31522 | Vaults:1 | 31522 ||| FLEEEEING.
 31523 | Vaults:1 | 31523 ||| FLEEEEING.
 31524 | Vaults:1 | 31524 ||| FLEEEEING.
 31525 | Vaults:1 | 31525 ||| FLEEEEING.
 31526 | Vaults:1 | 31526 ||| FLEEEEING.
 31527 | Vaults:1 | 31527 ||| FLEEEEING.
 31528 | Vaults:1 | 31528 ||| FLEEEEING.
 31535 | Vaults:1 | 31535 ||| FLEEEEING.
 31537 | Vaults:1 | 31537 ||| FLEEEEING.
 31538 | Vaults:1 | 31538 ||| FLEEEEING.
 31539 | Vaults:1 | 31539 ||| FLEEEEING.
 31545 | Vaults:1 | 31545 ||| FLEEEEING.
 31546 | Vaults:1 | 31546 ||| FLEEEEING.
 31547 | Vaults:1 | 31547 ||| FLEEEEING.
 31548 | Vaults:1 | 31548 ||| FLEEEEING.
 31549 | Vaults:1 | 31549 ||| FLEEEEING.
 31550 | Vaults:1 | 31550 ||| FLEEEEING.
 31551 | Vaults:1 | 31551 ||| FLEEEEING.
 31554 | Vaults:1 | 31554 ||| FLEEEEING.
 31556 | Vaults:1 | 31556 ||| FLEEEEING.
 31557 | Vaults:1 | 31557 ||| FLEEEEING.
 31558 | Vaults:1 | 31558 ||| FLEEEEING.
 31559 | Vaults:1 | 31559 ||| FLEEEEING.
 31560 | Vaults:1 | 31560 ||| FLEEEEING.
 31561 | Vaults:1 | 31561 ||| FLEEEEING.
 31562 | Vaults:1 | 31562 ||| FLEEEEING.
 31563 | Vaults:1 | 31563 ||| FLEEEEING.
 31564 | Vaults:1 | 31564 ||| STAIRDANCE
 31794 | Vaults:1 | 31794 ||| Stepping ~*~*~tactically~*~*~ (retreating).
 32150 | Vaults:2 | 32150 ||| RETREATING.
 32225 | Vaults:2 | 32225 ||| INVOKING Heroism.
 32227 | Vaults:2 | Reached skill level 15 in Dodging
 32328 | Vaults:2 | 32328 ||| INVOKING Heroism.
 32364 | Vaults:2 | 32364 ||| RETREATING.
 32365 | Vaults:2 | 32365 ||| Stepping ~*~*~tactically~*~*~ (outnumbered).
 32389 | Vaults:2 | 32389 ||| RETREATING.
 32392 | Vaults:2 | 32392 ||| Stepping ~*~*~tactically~*~*~ (retreating).
 32393 | Vaults:2 | 32393 ||| Stepping ~*~*~tactically~*~*~ (retreating).
 32403 | Vaults:2 | 32403 ||| Stepping ~*~*~tactically~*~*~ (retreating).
 32420 | Vaults:2 | Reached skill level 22 in Fighting
 32488 | Vaults:2 | 32488 ||| RETREATING.
 32489 | Vaults:2 | 32489 ||| RETREATING.
 32516 | Vaults:2 | Reached XP level 21. HP: 115/151 MP: 28/28
 32598 | Vaults:2 | 32598 ||| RETREATING.
 32612 | Vaults:2 | 32612 ||| FLEEEEING.
 32613 | Vaults:2 | 32613 ||| FLEEEEING.
 32614 | Vaults:2 | 32614 ||| FLEEEEING.
 32632 | Vaults:2 | 32632 ||| Stepping ~*~*~tactically~*~*~ (retreating).
 32633 | Vaults:2 | 32633 ||| Stepping ~*~*~tactically~*~*~ (retreating).
 32634 | Vaults:2 | 32634 ||| Stepping ~*~*~tactically~*~*~ (retreating).
 32635 | Vaults:2 | 32635 ||| Stepping ~*~*~tactically~*~*~ (retreating).
 32636 | Vaults:2 | 32636 ||| Stepping ~*~*~tactically~*~*~ (retreating).
 32637 | Vaults:2 | 32637 ||| Stepping ~*~*~tactically~*~*~ (retreating).
 32638 | Vaults:2 | 32638 ||| Stepping ~*~*~tactically~*~*~ (retreating).
 32742 | Vaults:2 | Paralysed by a great orb of eyes for 5 turns
 32758 | Vaults:2 | 32758 ||| RETREATING.
 32759 | Vaults:2 | 32759 ||| Stepping ~*~*~tactically~*~*~ (retreating).
 32760 | Vaults:2 | 32760 ||| Stepping ~*~*~tactically~*~*~ (retreating).
 32761 | Vaults:2 | 32761 ||| Stepping ~*~*~tactically~*~*~ (retreating).
 32762 | Vaults:2 | 32762 ||| Stepping ~*~*~tactically~*~*~ (retreating).
 32765 | Vaults:2 | 32765 ||| Stepping ~*~*~tactically~*~*~ (retreating).
 32766 | Vaults:2 | 32766 ||| Stepping ~*~*~tactically~*~*~ (retreating).
 32828 | Vaults:2 | 32828 ||| RETREATING.
 32869 | Vaults:2 | 32869 ||| RETREATING.
 32912 | Vaults:2 | 32912 ||| RETREATING.
 32963 | Vaults:2 | 32963 ||| RETREATING.
 32978 | Vaults:2 | 32978 ||| FLEEEEING.
 32979 | Vaults:2 | 32979 ||| FLEEEEING.
 32980 | Vaults:2 | 32980 ||| FLEEEEING.
 32981 | Vaults:2 | 32981 ||| FLEEEEING.
 32982 | Vaults:2 | 32982 ||| FLEEEEING.
 32983 | Vaults:2 | 32983 ||| FLEEEEING.
 32984 | Vaults:2 | 32984 ||| FLEEEEING.
 32985 | Vaults:2 | 32985 ||| FLEEEEING.
 32986 | Vaults:2 | 32986 ||| FLEEEEING.
 32987 | Vaults:2 | 32987 ||| FLEEEEING.
 32988 | Vaults:2 | 32988 ||| FLEEEEING.
 32989 | Vaults:2 | 32989 ||| FLEEEEING.
 32990 | Vaults:2 | 32990 ||| FLEEEEING.
 32991 | Vaults:2 | 32991 ||| FLEEEEING.
 32992 | Vaults:2 | 32992 ||| FLEEEEING.
 32993 | Vaults:2 | 32993 ||| FLEEEEING.
 33008 | Vaults:2 | 33008 ||| FLEEEEING.
 33015 | Vaults:2 | 33015 ||| Stepping ~*~*~tactically~*~*~ (retreating).
 33016 | Vaults:2 | 33016 ||| Stepping ~*~*~tactically~*~*~ (retreating).
 33018 | Vaults:2 | 33018 ||| Stepping ~*~*~tactically~*~*~ (retreating).
 33037 | Vaults:2 | 33037 ||| Stepping ~*~*~tactically~*~*~ (retreating).
 33039 | Vaults:2 | 33039 ||| Stepping ~*~*~tactically~*~*~ (retreating).
 33041 | Vaults:2 | 33041 ||| Stepping ~*~*~tactically~*~*~ (retreating).
 33043 | Vaults:2 | 33043 ||| Stepping ~*~*~tactically~*~*~ (retreating).
 33045 | Vaults:2 | 33045 ||| Stepping ~*~*~tactically~*~*~ (retreating).
 33047 | Vaults:2 | 33047 ||| Stepping ~*~*~tactically~*~*~ (retreating).
 33049 | Vaults:2 | 33049 ||| Stepping ~*~*~tactically~*~*~ (retreating).
 33051 | Vaults:2 | Reached ****** piety under Okawaru
 33052 | Vaults:2 | 33052 ||| Stepping ~*~*~tactically~*~*~ (retreating).
 33074 | Vaults:2 | Received a gift from Okawaru
 33089 | Vaults:2 | 33089 ||| INVOKING Heroism.
 33443 | Vaults:2 | Identified the +7 glaive of Ad Valorem {antimagic, Fragile
                  | rPois rC- Dex+7}
 33714 | Vaults:2 | 33714 ||| RETREATING.
 33715 | Vaults:2 | 33715 ||| Stepping ~*~*~tactically~*~*~ (retreating).
 33718 | Vaults:2 | 33718 ||| Stepping ~*~*~tactically~*~*~ (retreating).
 33792 | Vaults:2 | 33792 ||| UPGRADING to +2 leather armour of cold
                  | resistance.
 33802 | Vaults:2 | 33802 ||| READING 2 scrolls labelled USCHON JOFUIPHOTS.
 33803 | Vaults:2 | 33803 ||| DROPPING scroll of fog.
 33841 | Vaults:3 | 33841 ||| Stepping ~*~*~tactically~*~*~ (outnumbered).
 33873 | Vaults:3 | 33873 ||| Stepping ~*~*~tactically~*~*~ (outnumbered).
 33875 | Vaults:3 | 33875 ||| Stepping ~*~*~tactically~*~*~ (outnumbered).
 33877 | Vaults:3 | 33877 ||| Stepping ~*~*~tactically~*~*~ (outnumbered).
 33879 | Vaults:3 | 33879 ||| Stepping ~*~*~tactically~*~*~ (outnumbered).
 33942 | Vaults:3 | Noticed Margery
 33951 | Vaults:3 | Killed Margery
 34070 | Abyss:2  | Found a corrupted altar of Lugonu.
 34070 | Abyss:2  | Cast into level 2 of the Abyss (a wizard)
 34278 | Abyss:2  | Reached skill level 23 in Fighting
 34393 | Abyss:2  | 34393 ||| Stepping ~*~*~tactically~*~*~ (outnumbered).
 34472 | Abyss:2  | 34472 ||| Stepping ~*~*~tactically~*~*~ (outnumbered).
 34475 | Abyss:2  | 34475 ||| Stepping ~*~*~tactically~*~*~ (cloud).
 34478 | Abyss:2  | 34478 ||| Stepping ~*~*~tactically~*~*~ (outnumbered).
 34611 | Abyss:2  | 34611 ||| Stepping ~*~*~tactically~*~*~ (cloud).
 34654 | Abyss:2  | 34654 ||| RETREATING.
 34655 | Abyss:2  | 34655 ||| Stepping ~*~*~tactically~*~*~ (outnumbered).
 34657 | Abyss:2  | 34657 ||| Stepping ~*~*~tactically~*~*~ (outnumbered).
 34745 | Abyss:2  | 34745 ||| Stepping ~*~*~tactically~*~*~ (retreating).
 34746 | Abyss:2  | 34746 ||| Stepping ~*~*~tactically~*~*~ (retreating).
 34747 | Abyss:2  | 34747 ||| Stepping ~*~*~tactically~*~*~ (retreating).
 34748 | Abyss:2  | 34748 ||| Stepping ~*~*~tactically~*~*~ (retreating).
 34748 | Abyss:2  | Paralysed by accursed screaming for 1 turns
 34749 | Abyss:2  | 34749 ||| INVOKING Heroism.
 34753 | Abyss:2  | 34753 ||| Stepping ~*~*~tactically~*~*~ (retreating).
 34755 | Abyss:2  | 34755 ||| Stepping ~*~*~tactically~*~*~ (outnumbered).
 34769 | Vaults:3 | Escaped the Abyss
 35069 | Vaults:3 | Noticed Frederick
 35070 | Vaults:3 | 35070 ||| INVOKING Heroism.
 35071 | Vaults:3 | 35071 ||| INVOKING Finesse.
 35082 | Vaults:3 | Killed Frederick
 35143 | Vaults:3 | 35143 ||| RETREATING.
 35206 | Vaults:3 | Identified the +5 sling of Asylaesi {freeze, rElec MP+9}
                  | (Okawaru gifted it to you on level 3 of the Vaults)
 35206 | Vaults:3 | Received a gift from Okawaru
 35277 | Vaults:3 | 35277 ||| RETREATING.
 35286 | Vaults:3 | 35286 ||| Stepping ~*~*~tactically~*~*~ (retreating).
 35452 | Vaults:3 | 35452 ||| FLEEEEING.
 35454 | Vaults:3 | 35454 ||| FLEEEEING.
 35455 | Vaults:3 | 35455 ||| FLEEEEING.
 35456 | Vaults:3 | 35456 ||| FLEEEEING.
 35573 | Vaults:3 | 35573 ||| Stepping ~*~*~tactically~*~*~ (outnumbered).
 35733 | Vaults:3 | 35733 ||| INVOKING Heroism.
 35872 | Vaults:3 | Found a staircase to the Crypt.
 35894 | Vaults:3 | Identified the +0 leather armour "Mabuci Uqia" {Str-3
                  | Int+8}
 35896 | Vaults:3 | 35896 ||| Stepping ~*~*~tactically~*~*~ (outnumbered).
 35897 | Vaults:3 | 35897 ||| Stepping ~*~*~tactically~*~*~ (outnumbered).
 35901 | Vaults:3 | Reached XP level 22. HP: 139/160 MP: 29/29
 35903 | Vaults:3 | 35903 ||| FLEEEEING.
 35904 | Vaults:3 | 35904 ||| FLEEEEING.
 35905 | Vaults:3 | 35905 ||| FLEEEEING.
 35906 | Vaults:3 | 35906 ||| FLEEEEING.
 35907 | Vaults:3 | 35907 ||| FLEEEEING.
 35908 | Vaults:3 | 35908 ||| FLEEEEING.
 35909 | Vaults:3 | 35909 ||| FLEEEEING.
 35919 | Vaults:3 | 35919 ||| Stepping ~*~*~tactically~*~*~ (retreating).
 35930 | Vaults:3 | 35930 ||| INVOKING Heroism.
 35997 | Vaults:3 | 35997 ||| FLEEEEING.
 35999 | Vaults:3 | 35999 ||| FLEEEEING.
 36000 | Vaults:3 | 36000 ||| FLEEEEING.
 36083 | Vaults:3 | 36083 ||| Stepping ~*~*~tactically~*~*~ (outnumbered).
 36085 | Vaults:3 | 36085 ||| RETREATING.
 36104 | Vaults:3 | 36104 ||| INVOKING Heroism.
 36250 | Vaults:3 | 36250 ||| READING scroll of enchant weapon.
 36250 | Vaults:3 | 36250 ||| ENCHANTING +8 longbow of draining.
 36257 | Vaults:3 | 36257 ||| Stepping ~*~*~tactically~*~*~ (outnumbered).
 36258 | Vaults:3 | 36258 ||| Stepping ~*~*~tactically~*~*~ (outnumbered).
 36261 | Vaults:3 | 36261 ||| Stepping ~*~*~tactically~*~*~ (outnumbered).
 36304 | Vaults:3 | 36304 ||| FLEEEEING.
 36313 | Vaults:3 | 36313 ||| FLEEEEING.
 36314 | Vaults:3 | 36314 ||| FLEEEEING.
 36325 | Vaults:3 | 36325 ||| FLEEEEING.
 36333 | Vaults:3 | 36333 ||| FLEEEEING.
 36334 | Vaults:3 | 36334 ||| FLEEEEING.
 36403 | Vaults:3 | Identified the +1 tower shield of Wu Jian, Devouring {rF-
                  | rC+ rCorr}
 36403 | Vaults:3 | Noticed Mennas
 36404 | Vaults:3 | 36404 ||| INVOKING Heroism.
 36405 | Vaults:3 | 36405 ||| INVOKING Finesse.
 36425 | Vaults:3 | 36425 ||| DRINKING 13 potions of curing.
 36425 | Vaults:3 | 36425 ||| (to cure confusion)
 36430 | Vaults:3 | 36430 ||| DRINKING 12 potions of curing.
 36430 | Vaults:3 | 36430 ||| (to cure confusion)
 36432 | Vaults:3 | 36432 ||| Stepping ~*~*~tactically~*~*~ (retreating).
 36433 | Vaults:3 | 36433 ||| RETREATING.
 36453 | Vaults:3 | Killed Mennas
 36487 | Vaults:3 | Reached skill level 24 in Fighting
 36911 | Vaults:3 | Identified the +3 plate armour of the Distant Future
                  | {Regen+ Str+5 Int+3 Dex-4} (Okawaru gifted it to you on
                  | level 3 of the Vaults)
 36911 | Vaults:3 | Received a gift from Okawaru
 36945 | Vaults:3 | 36945 ||| DROPPING +1 robe of resistance.
 36946 | Vaults:3 | 36946 ||| DROPPING +0 leather armour "Mabuci Uqia" {Str-3
                  | Int+8}.
 36947 | Vaults:3 | 36947 ||| DROPPING +1 pair of gloves.
 36989 | Vaults:4 | 36989 ||| STAIRDANCE
 36999 | Vaults:4 | 36999 ||| STAIRDANCE
 37012 | Vaults:4 | 37012 ||| STAIRDANCE
 37046 | Vaults:4 | Noticed a dread lich
 37055 | Vaults:4 | 37055 ||| INVOKING Heroism.
 37055 | Vaults:4 | Paralysed by a dread lich for 5 turns
 37060 | Vaults:4 | 37060 ||| INVOKING Finesse.
 37063 | Vaults:4 | Paralysed by a dread lich for 5 turns
 37069 | Vaults:4 | 37069 ||| Stepping ~*~*~tactically~*~*~ (retreating).
 37073 | Vaults:4 | 37073 ||| Stepping ~*~*~tactically~*~*~ (retreating).
 37077 | Vaults:4 | Killed a dread lich
 37127 | Vaults:4 | Identified the ring "Vonno" {rElec rC+ rN+ Str-5 Stlth+}
 37131 | Vaults:4 | 37131 ||| READING scroll of brand weapon.
 37131 | Vaults:4 | 37131 ||| BRANDING +9 longbow of draining.
 37132 | Vaults:4 | 37132 ||| DROPPING +0 hand cannon.
 37198 | Vaults:4 | 37198 ||| Stepping ~*~*~tactically~*~*~ (retreating).
 37206 | Vaults:4 | 37206 ||| Stepping ~*~*~tactically~*~*~ (retreating).
 37207 | Vaults:4 | 37207 ||| Stepping ~*~*~tactically~*~*~ (retreating).
 37313 | Vaults:4 | 37313 ||| RETREATING.
 37315 | Vaults:4 | 37315 ||| INVOKING Finesse.
 37757 | Vaults:4 | Reached skill level 18 in Dodging
 37945 | Vaults:4 | Noticed Donald
 37951 | Vaults:4 | Killed Donald
 38069 | Vaults:4 | Found a large runed translucent door.
 38069 | Vaults:4 | Found a large runed translucent door.
 38069 | Vaults:4 | Found a large runed translucent door.
 38069 | Vaults:4 | Found a large runed translucent door.
 38070 | Vaults:4 | Found a large runed translucent door.
 38070 | Vaults:4 | Found a large runed translucent door.
 38070 | Vaults:4 | Found a large runed translucent door.
 38070 | Vaults:4 | Found a large runed translucent door.
 38070 | Vaults:4 | Noticed qw's ghost (adept GrHu)
 38352 | Vaults:4 | 38352 ||| PLANNING SHOALS:4
 38352 | Vaults:4 | 38352 ||| DROPPING +2 pair of gloves of stealth.
 38353 | Vaults:4 | 38353 ||| DROPPING ring "Vonno" {rElec rC+ rN+ Str-5
                  | Stlth+}.
 38354 | Vaults:4 | 38354 ||| DROPPING +5 ring of evasion.
 38683 | Shoals:4 | Entered Level 4 of the Shoals
 38707 | Shoals:4 | Noticed Louise
 38735 | Shoals:4 | 38735 ||| FLEEEEING.
 38736 | Shoals:4 | 38736 ||| FLEEEEING.
 38743 | Shoals:4 | Reached skill level 12 in Armour
 38751 | Shoals:4 | Killed Louise
 38891 | Shoals:4 | 38891 ||| Stepping ~*~*~tactically~*~*~ (outnumbered).
 38893 | Shoals:4 | 38893 ||| Stepping ~*~*~tactically~*~*~ (outnumbered).
 38898 | Shoals:4 | Paralysed by an air elemental for 1 turns
 38931 | Shoals:4 | 38931 ||| INVOKING Heroism.
 38932 | Shoals:4 | 38932 ||| INVOKING Finesse.
 38971 | Shoals:4 | 38971 ||| Stepping ~*~*~tactically~*~*~ (outnumbered).
 38973 | Shoals:4 | 38973 ||| Stepping ~*~*~tactically~*~*~ (retreating).
 39060 | Shoals:4 | 39060 ||| Stepping ~*~*~tactically~*~*~ (outnumbered).
 39063 | Shoals:4 | 39063 ||| Stepping ~*~*~tactically~*~*~ (outnumbered).
 39104 | Shoals:4 | 39104 ||| Stepping ~*~*~tactically~*~*~ (outnumbered).
 39112 | Shoals:4 | 39112 ||| Stepping ~*~*~tactically~*~*~ (outnumbered).
 39114 | Shoals:4 | 39114 ||| Stepping ~*~*~tactically~*~*~ (outnumbered).
 39139 | Shoals:4 | 39139 ||| INVOKING Heroism.
 39141 | Shoals:4 | 39141 ||| Stepping ~*~*~tactically~*~*~ (outnumbered).
 39143 | Shoals:4 | 39143 ||| RETREATING.
 39185 | Shoals:4 | Got a barnacled rune of Zot
 39187 | Shoals:4 | Identified the +1 sling of the Omega Point {heavy, Str+4
                  | Stlth-}
 39238 | Shoals:4 | 39238 ||| Stepping ~*~*~tactically~*~*~ (retreating).
 39239 | Shoals:4 | 39239 ||| Stepping ~*~*~tactically~*~*~ (retreating).
 39239 | Shoals:4 | Paralysed by an air elemental for 1 turns
 39241 | Shoals:4 | 39241 ||| RETREATING.
 39405 | Shoals:4 | 39405 ||| Stepping ~*~*~tactically~*~*~ (outnumbered).
 39414 | Shoals:4 | 39414 ||| Stepping ~*~*~tactically~*~*~ (outnumbered).
 39416 | Shoals:4 | 39416 ||| Stepping ~*~*~tactically~*~*~ (outnumbered).
 39447 | Shoals:4 | 39447 ||| Stepping ~*~*~tactically~*~*~ (outnumbered).
 39449 | Shoals:4 | 39449 ||| Stepping ~*~*~tactically~*~*~ (outnumbered).
 39451 | Shoals:4 | 39451 ||| Stepping ~*~*~tactically~*~*~ (outnumbered).
 39453 | Shoals:4 | 39453 ||| Stepping ~*~*~tactically~*~*~ (outnumbered).
 39458 | Shoals:4 | 39458 ||| Stepping ~*~*~tactically~*~*~ (retreating).
 39459 | Shoals:4 | 39459 ||| Stepping ~*~*~tactically~*~*~ (retreating).
 39461 | Shoals:4 | 39461 ||| Stepping ~*~*~tactically~*~*~ (retreating).
 39462 | Shoals:4 | 39462 ||| Stepping ~*~*~tactically~*~*~ (outnumbered).
 39468 | Shoals:4 | 39468 ||| INVOKING Heroism.
 39477 | Shoals:4 | 39477 ||| Stepping ~*~*~tactically~*~*~ (retreating).
 39873 | Shoals:4 | 39873 ||| INVOKING Heroism.
 39932 | Shoals:4 | 39932 ||| PLANNING DEPTHS
 40181 | Depths:1 | Entered Level 1 of the Depths
 40197 | Depths:1 | Found a corrupted altar of Lugonu.
 40231 | Depths:1 | 40231 ||| FLEEEEING.
 40232 | Depths:1 | 40232 ||| FLEEEEING.
 40233 | Depths:1 | 40233 ||| RETREATING.
 40235 | Depths:1 | 40235 ||| FLEEEEING.
 40236 | Depths:1 | 40236 ||| FLEEEEING.
 40237 | Depths:1 | 40237 ||| FLEEEEING.
 40238 | Depths:1 | 40238 ||| FLEEEEING.
 40239 | Depths:1 | 40239 ||| FLEEEEING.
 40240 | Depths:1 | 40240 ||| FLEEEEING.
 40241 | Depths:1 | 40241 ||| FLEEEEING.
 40242 | Depths:1 | 40242 ||| FLEEEEING.
 40243 | Depths:1 | 40243 ||| STAIRDANCE
 40286 | Depths:1 | 40286 ||| RETREATING.
 40287 | Depths:1 | 40287 ||| Stepping ~*~*~tactically~*~*~ (retreating).
 40288 | Depths:1 | 40288 ||| INVOKING Finesse.
 40291 | Depths:1 | Reached skill level 25 in Fighting
 40291 | Depths:1 | 40291 ||| RETREATING.
 40297 | Depths:1 | 40297 ||| Stepping ~*~*~tactically~*~*~ (retreating).
 40298 | Depths:1 | 40298 ||| INVOKING Heroism.
 40299 | Depths:1 | 40299 ||| Stepping ~*~*~tactically~*~*~ (retreating).
 40300 | Depths:1 | 40300 ||| Stepping ~*~*~tactically~*~*~ (retreating).
 40301 | Depths:1 | 40301 ||| Stepping ~*~*~tactically~*~*~ (retreating).
 40302 | Depths:1 | 40302 ||| Stepping ~*~*~tactically~*~*~ (retreating).
 40303 | Depths:1 | 40303 ||| Stepping ~*~*~tactically~*~*~ (retreating).
 40304 | Depths:1 | 40304 ||| Stepping ~*~*~tactically~*~*~ (retreating).
 40314 | Depths:1 | Reached XP level 23. HP: 119/170 MP: 25/30
 40636 | Depths:1 | 40636 ||| INVOKING Heroism.
 40656 | Depths:1 | Identified the +2 short sword of Hubris {drain, rF++ Dex-2}
 40763 | Depths:1 | 40763 ||| INVOKING Heroism.
 40764 | Depths:1 | 40764 ||| INVOKING Finesse.
 40807 | Depths:1 | Found a gateway to Hell.
 40810 | Depths:1 | 40810 ||| RETREATING.
 41046 | Depths:1 | 41046 ||| INVOKING Heroism.
 41178 | Depths:1 | Found a portal to a secret trove of treasure.
 41200 | Depths:2 | 41200 ||| INVOKING Heroism.
 41204 | Depths:2 | 41204 ||| RETREATING.
 41208 | Depths:2 | 41208 ||| Stepping ~*~*~tactically~*~*~ (cloud).
 41332 | Depths:2 | 41332 ||| FLEEEEING.
 41333 | Depths:2 | 41333 ||| FLEEEEING.
 41334 | Depths:2 | 41334 ||| FLEEEEING.
 41335 | Depths:2 | 41335 ||| FLEEEEING.
 41336 | Depths:2 | 41336 ||| FLEEEEING.
 41337 | Depths:2 | 41337 ||| FLEEEEING.
 41338 | Depths:2 | 41338 ||| FLEEEEING.
 41339 | Depths:2 | 41339 ||| FLEEEEING.
 41340 | Depths:2 | 41340 ||| STAIRDANCE
 41445 | Depths:2 | You are sucked into a shaft and drop 1 floor!
 41445 | Depths:3 | Found a one-way gate to the infinite horrors of the Abyss.
 41566 | Depths:2 | Found a one-way gate leading to the halls of Pandemonium.
 41598 | Depths:2 | Found a one-way gateway to a ziggurat.
 41633 | Depths:2 | 41633 ||| RETREATING.
 41664 | Depths:2 | 41664 ||| INVOKING Heroism.
 41908 | Depths:2 | 41908 ||| INVOKING Heroism.
 41958 | Depths:2 | Found a corrupted altar of Lugonu.
 41994 | Depths:2 | 41994 ||| INVOKING Heroism.
 42289 | Depths:2 | 42289 ||| UPGRADING to scarf of repulsion.
 42299 | Depths:2 | 42299 ||| DROPPING amulet of magic regeneration.
 42326 | Depths:3 | 42326 ||| Stepping ~*~*~tactically~*~*~ (outnumbered).
 42327 | Depths:3 | 42327 ||| Stepping ~*~*~tactically~*~*~ (outnumbered).
 42328 | Depths:3 | 42328 ||| Stepping ~*~*~tactically~*~*~ (outnumbered).
 42329 | Depths:3 | 42329 ||| Stepping ~*~*~tactically~*~*~ (outnumbered).
 42330 | Depths:3 | 42330 ||| Stepping ~*~*~tactically~*~*~ (outnumbered).
 42331 | Depths:3 | 42331 ||| Stepping ~*~*~tactically~*~*~ (outnumbered).
 42332 | Depths:3 | 42332 ||| Stepping ~*~*~tactically~*~*~ (outnumbered).
 42350 | Depths:3 | 42350 ||| FLEEEEING.
 42351 | Depths:3 | 42351 ||| FLEEEEING.
 42352 | Depths:3 | 42352 ||| FLEEEEING.
 42353 | Depths:3 | 42353 ||| FLEEEEING.
 42354 | Depths:3 | 42354 ||| STAIRDANCE
 42438 | Depths:3 | 42438 ||| STAIRDANCE
 42444 | Depths:3 | 42444 ||| INVOKING Finesse.
 42448 | Depths:3 | 42448 ||| STAIRDANCE
 42474 | Depths:3 | 42474 ||| STAIRDANCE
 42585 | Depths:3 | 42585 ||| INVOKING Heroism.
 42586 | Depths:3 | 42586 ||| INVOKING Finesse.
 42667 | Depths:3 | Found a hide-covered altar of Uskayaw.
 42695 | Depths:3 | 42695 ||| INVOKING Heroism.
 42793 | Depths:3 | 42793 ||| INVOKING Heroism.
 43170 | Depths:3 | 43170 ||| INVOKING Heroism.
 43171 | Depths:3 | 43171 ||| RETREATING.
 43174 | Depths:3 | 43174 ||| Stepping ~*~*~tactically~*~*~ (outnumbered).
 43182 | Depths:3 | Reached skill level 26 in Fighting
 43193 | Depths:3 | 43193 ||| Stepping ~*~*~tactically~*~*~ (outnumbered).
 43223 | Depths:3 | 43223 ||| FLEEEEING.
 43224 | Depths:3 | 43224 ||| FLEEEEING.
 43225 | Depths:3 | 43225 ||| FLEEEEING.
 43226 | Depths:3 | 43226 ||| FLEEEEING.
 43227 | Depths:3 | 43227 ||| FLEEEEING.
 43228 | Depths:3 | 43228 ||| FLEEEEING.
 43229 | Depths:3 | 43229 ||| FLEEEEING.
 43230 | Depths:3 | 43230 ||| FLEEEEING.
 43231 | Depths:3 | 43231 ||| FLEEEEING.
 43232 | Depths:3 | 43232 ||| FLEEEEING.
 43237 | Depths:3 | 43237 ||| FLEEEEING.
 43238 | Depths:3 | 43238 ||| FLEEEEING.
 43239 | Depths:3 | 43239 ||| FLEEEEING.
 43240 | Depths:3 | 43240 ||| FLEEEEING.
 43241 | Depths:3 | 43241 ||| FLEEEEING.
 43242 | Depths:3 | 43242 ||| FLEEEEING.
 43243 | Depths:3 | 43243 ||| FLEEEEING.
 43244 | Depths:3 | 43244 ||| STAIRDANCE
 43372 | Depths:3 | 43372 ||| STAIRDANCE
 43465 | Depths:3 | Noticed an ancient lich
 43465 | Depths:3 | 43465 ||| INVOKING Heroism.
 43467 | Depths:3 | 43467 ||| RETREATING.
 43488 | Depths:3 | Killed an ancient lich
 43496 | Depths:3 | Noticed a golden dragon
 43496 | Depths:3 | 43496 ||| RETREATING.
 43505 | Depths:3 | 43505 ||| DRINKING 12 potions of curing.
 43505 | Depths:3 | 43505 ||| (to cure confusion)
 43510 | Depths:3 | Paralysed by a sphinx for 3 turns
 43514 | Depths:3 | 43514 ||| DRINKING 11 potions of curing.
 43514 | Depths:3 | 43514 ||| (to cure confusion)
 43515 | Depths:3 | 43515 ||| Stepping ~*~*~tactically~*~*~ (retreating).
 43516 | Depths:3 | 43516 ||| Stepping ~*~*~tactically~*~*~ (retreating).
 43517 | Depths:3 | 43517 ||| Stepping ~*~*~tactically~*~*~ (retreating).
 43518 | Depths:3 | 43518 ||| INVOKING Heroism.
 43530 | Depths:3 | 43530 ||| Stepping ~*~*~tactically~*~*~ (outnumbered).
 43735 | Depths:3 | Noticed a golden dragon
 43736 | Depths:3 | 43736 ||| INVOKING Heroism.
 43744 | Depths:3 | Killed a golden dragon
 43849 | Depths:4 | Entered Level 4 of the Depths
 43858 | Depths:4 | 43858 ||| INVOKING Heroism.
 43859 | Depths:4 | 43859 ||| STAIRDANCE
 43869 | Depths:4 | 43869 ||| STAIRDANCE
 43915 | Depths:4 | 43915 ||| Stepping ~*~*~tactically~*~*~ (outnumbered).
 43917 | Depths:4 | 43917 ||| Stepping ~*~*~tactically~*~*~ (outnumbered).
 43919 | Depths:4 | 43919 ||| Stepping ~*~*~tactically~*~*~ (outnumbered).
 43921 | Depths:4 | 43921 ||| Stepping ~*~*~tactically~*~*~ (retreating).
 43932 | Depths:4 | Received a gift from Okawaru
 43990 | Depths:4 | Found a gate to the Realm of Zot.
 43990 | Depths:4 | Noticed a golden dragon
 43991 | Depths:4 | 43991 ||| RETREATING.
 43997 | Depths:4 | 43997 ||| Stepping ~*~*~tactically~*~*~ (retreating).
 43998 | Depths:4 | 43998 ||| Stepping ~*~*~tactically~*~*~ (retreating).
 43999 | Depths:4 | 43999 ||| Stepping ~*~*~tactically~*~*~ (retreating).
 44000 | Depths:4 | 44000 ||| Stepping ~*~*~tactically~*~*~ (retreating).
 44008 | Depths:4 | 44008 ||| INVOKING Heroism.
 44011 | Depths:4 | 44011 ||| Stepping ~*~*~tactically~*~*~ (retreating).
 44025 | Depths:4 | Killed a golden dragon
 44083 | Depths:4 | 44083 ||| RETREATING.
 44094 | Depths:4 | Received a gift from Okawaru
 44167 | Depths:4 | 44167 ||| Stepping ~*~*~tactically~*~*~ (outnumbered).
 44169 | Depths:4 | 44169 ||| Stepping ~*~*~tactically~*~*~ (outnumbered).
 44171 | Depths:4 | 44171 ||| Stepping ~*~*~tactically~*~*~ (outnumbered).
 44184 | Depths:4 | Reached XP level 24. HP: 159/180 MP: 31/31
 44259 | Depths:4 | Found a shadowy altar of Dithmenos.
 44397 | Depths:4 | 44397 ||| RETREATING.
 44400 | Depths:4 | 44400 ||| Stepping ~*~*~tactically~*~*~ (outnumbered).
 44408 | Depths:4 | 44408 ||| RETREATING.
 44409 | Depths:4 | 44409 ||| Stepping ~*~*~tactically~*~*~ (retreating).
 44507 | Depths:4 | Noticed a juggernaut
 44508 | Depths:4 | 44508 ||| INVOKING Heroism.
 44518 | Depths:4 | Killed a juggernaut
 44581 | Depths:4 | Identified the +1 robe "Wama Seu" {-Tele rF+ rC+}
 44631 | Depths:4 | 44631 ||| Stepping ~*~*~tactically~*~*~ (outnumbered).
 44633 | Depths:4 | 44633 ||| Stepping ~*~*~tactically~*~*~ (outnumbered).
 44635 | Depths:4 | 44635 ||| Stepping ~*~*~tactically~*~*~ (outnumbered).
 44637 | Depths:4 | 44637 ||| Stepping ~*~*~tactically~*~*~ (outnumbered).
 44639 | Depths:4 | 44639 ||| Stepping ~*~*~tactically~*~*~ (outnumbered).
 44641 | Depths:4 | 44641 ||| INVOKING Heroism.
 44644 | Depths:4 | Noticed Sojobo
 44645 | Depths:4 | 44645 ||| RETREATING.
 44652 | Depths:4 | 44652 ||| Stepping ~*~*~tactically~*~*~ (outnumbered).
 44659 | Depths:4 | 44659 ||| Stepping ~*~*~tactically~*~*~ (retreating).
 44660 | Depths:4 | 44660 ||| Stepping ~*~*~tactically~*~*~ (retreating).
 44661 | Depths:4 | 44661 ||| Stepping ~*~*~tactically~*~*~ (retreating).
 44662 | Depths:4 | 44662 ||| Stepping ~*~*~tactically~*~*~ (retreating).
 44663 | Depths:4 | 44663 ||| Stepping ~*~*~tactically~*~*~ (retreating).
 44664 | Depths:4 | 44664 ||| Stepping ~*~*~tactically~*~*~ (retreating).
 44665 | Depths:4 | 44665 ||| Stepping ~*~*~tactically~*~*~ (outnumbered).
 44692 | Depths:4 | 44692 ||| INVOKING Heroism.
 44699 | Depths:4 | Paralysed by an air elemental for 1 turns
 44711 | Depths:4 | HP: 43/182 [Sojobo/+0 great sword of electrocution (7)]
 44712 | Depths:4 | 44712 ||| READING 7 scrolls of teleportation.
 44713 | Depths:4 | 44713 ||| DRINKING 9 potions of heal wounds.
 44715 | Depths:4 | 44715 ||| DRINKING 8 potions of heal wounds.
 44716 | Depths:4 | 44716 ||| Stepping ~*~*~tactically~*~*~ (retreating).
 44979 | Depths:4 | 44979 ||| INVOKING Heroism.
 45018 | Depths:4 | Paralysed by an air elemental for 1 turns
 45022 | Depths:4 | Killed Sojobo
 45023 | Depths:4 | Reached skill level 27 in Fighting
 45335 | Depths:4 | Found a runed translucent door.
 45337 | Depths:4 | Noticed qw's ghost (veteran GrFi)
 45525 | Depths:4 | Identified a scroll of acquirement
 45570 | Depths:4 | 45570 ||| PLANNING VAULTS:5
 45570 | Depths:4 | 45570 ||| DROPPING +1 robe "Wama Seu" {-Tele rF+ rC+}.
 45892 | Vaults:5 | Entered Level 5 of the Vaults
 45893 | Vaults:5 | 45893 ||| STAIRDANCE
 46011 | Vaults:5 | 46011 ||| STAIRDANCE
 46018 | Vaults:4 | 46018 ||| Stepping ~*~*~tactically~*~*~ (retreating).
 46019 | Vaults:4 | 46019 ||| Stepping ~*~*~tactically~*~*~ (retreating).
 46022 | Vaults:4 | 46022 ||| Stepping ~*~*~tactically~*~*~ (retreating).
 46039 | Vaults:4 | 46039 ||| INVOKING Heroism.
 46338 | Vaults:5 | 46338 ||| INVOKING Heroism.
 46347 | Vaults:5 | 46347 ||| Stepping ~*~*~tactically~*~*~ (retreating).
 46348 | Vaults:5 | 46348 ||| Stepping ~*~*~tactically~*~*~ (retreating).
 46349 | Vaults:5 | 46349 ||| Stepping ~*~*~tactically~*~*~ (retreating).
 46350 | Vaults:5 | 46350 ||| Stepping ~*~*~tactically~*~*~ (retreating).
 46351 | Vaults:5 | 46351 ||| Stepping ~*~*~tactically~*~*~ (retreating).
 46353 | Vaults:5 | 46353 ||| Stepping ~*~*~tactically~*~*~ (retreating).
 46354 | Vaults:5 | 46354 ||| Stepping ~*~*~tactically~*~*~ (retreating).
 46355 | Vaults:5 | 46355 ||| Stepping ~*~*~tactically~*~*~ (retreating).
 46356 | Vaults:5 | 46356 ||| Stepping ~*~*~tactically~*~*~ (retreating).
 46373 | Vaults:5 | 46373 ||| Stepping ~*~*~tactically~*~*~ (retreating).
 46374 | Vaults:5 | 46374 ||| Stepping ~*~*~tactically~*~*~ (retreating).
 46384 | Vaults:5 | 46384 ||| Stepping ~*~*~tactically~*~*~ (retreating).
 46385 | Vaults:5 | 46385 ||| Stepping ~*~*~tactically~*~*~ (retreating).
 46386 | Vaults:5 | 46386 ||| Stepping ~*~*~tactically~*~*~ (retreating).
 46387 | Vaults:5 | 46387 ||| Stepping ~*~*~tactically~*~*~ (retreating).
 46388 | Vaults:5 | 46388 ||| INVOKING Heroism.
 46429 | Vaults:5 | 46429 ||| Stepping ~*~*~tactically~*~*~ (retreating).
 46429 | Vaults:5 | Identified the +3 troll leather armour of the Vacuum {rElec
                  | Regen+ SInv}
 46430 | Vaults:5 | 46430 ||| Stepping ~*~*~tactically~*~*~ (retreating).
 46443 | Vaults:5 | 46443 ||| Stepping ~*~*~tactically~*~*~ (retreating).
 46444 | Vaults:5 | 46444 ||| Stepping ~*~*~tactically~*~*~ (outnumbered).
 46454 | Vaults:5 | 46454 ||| Stepping ~*~*~tactically~*~*~ (retreating).
 46455 | Vaults:5 | 46455 ||| Stepping ~*~*~tactically~*~*~ (outnumbered).
 46472 | Vaults:5 | 46472 ||| INVOKING Heroism.
 46502 | Vaults:5 | HP: 28/183 [vault warden/+0 glaive of flaming (21)]
 46503 | Vaults:5 | 46503 ||| READING 8 scrolls of teleportation.
 46504 | Vaults:5 | 46504 ||| DRINKING 7 potions of heal wounds.
 46530 | Vaults:5 | 46530 ||| INVOKING Heroism.
 46597 | Vaults:5 | 46597 ||| INVOKING Heroism.
 46610 | Vaults:5 | Killed from afar by a frost giant

Levels and vault maps discovered:
D:1:      zelgadis_glass_arrival_small, layout_rooms, nicolae_shop_unique_rings
D:2:      layout_basic, serial_shops, nicolae_shop_waterfront, shop
D:3:      layout_rooms, general_overflow_altar,
          nicolae_overflow_ecumenical_swirl, lemuel_crystal_altar,
          lemuel_coloured_pillars_altar
D:4:      layout_loops_ring, kennysheep_orc_sif_temple, temple_statues,
          kennysheep_another_room, dreamdust_mushroom_princess,
          solitary_fountain
D:5:      layout_loops_ring, mainiacjoe_overflow_concentric_impassable,
          nicolae_overflow_quartered_altars
D:6:      layout_gridville, uniq_sigmund
D:7:      layout_rooms, makhleb_grotto_becter, lemuel_tele_altar,
          okawaru_gym_becter, elyvilon_altar_3, uniq_jeremiah
D:8:      layout_basic, hex_medium, uniq_prince_ribbit1
D:9:      layout_roguey, due_lair_maze_entry_diamond, erik_orc_1, serial_bayou,
          serial_bayou_pond_e, serial_bayou_lagoon_a, serial_bayou_pond_d,
          serial_bayou_pond_a, serial_bayou_lake_a, serial_bayou_pond_d
D:10:     minmay_weird_star, layout_cave_pools,
          mainiacjoe_overflow_small_starburst
D:11:     layout_long_grid, gammafunk_ghost_wrathful_warriors
D:12:     layout_layer_cave
D:13:     layout_loops_ring, ebering_ghost_gozag, uniq_sonja, uniq_nessos
D:14:     layout_rooms, david_vaults_3, minmay_misc_feat_tiny,
          ebering_ghost_disaster_area
D:15:     hangedman_depths_entry_try_elsewhere_first, layout_irregular_city,
          fountainhead, uniq_kirke, uniq_roxanne
Temple:   hellmonk_temple_two_chambers
Lair:1:   layout_cave_pods, st_stairs_8, nicolae_lair_run_with_the_wolves
Lair:2:   layout_hall_layers, nicolae_shoals_entry_flooding,
          nicolae_spider_entry_lesser_pyramids, minivault_27,
          serial_bayou_shore_b
Lair:3:   layout_regular_city, grunt_forest_small_clearings, st_stairs_5,
          roderic_carrion_pond
Lair:4:   layout_regular_city, basic_altar, chequers_serial_rivers_marsh,
          nicolae_lair_lakeside_cave
Lair:5:   hangedman_lair_tendril_chambers, layout_regular_city,
          minmay_slime_entry_jelly_boxes, uniq_rupert
Shoals:1: layout_shoals
Shoals:2: argonaut_golden_fleece, layout_shoals, nicolae_shoals_circle_sea_wall,
          nicolae_shoals_beach_cooler, uniq_ilsuiw
Shoals:3: layout_shoals
Shoals:4: shoals_end_hellmonk_storm_palace [storm_palace_center_circular,
          storm_palace_corner_pillars, storm_palace_corner_reverse_hut,
          storm_palace_corner_pillars, storm_palace_corner_blocked], uniq_louise
Spider:1: layout_spider_delve, special_room [special_room_bee],
          hangedman_spider_tarantella_strand
Spider:2: layout_cave_pods, hellmonk_deceptive_appearances, uniq_agnes,
          uniq_arachne
Spider:3: layout_spider_delve, hellmonk_narrow_tunnel
Spider:4: grunt_spider_rune_parallel, hellmonk_ghost_happy_afterlife
Orc:1:    layout_diamond_mine, minmay_orc_treasury
Orc:2:    st_orc_ogre_mass, layout_caves
Vaults:1: vaults_mumra_hexcomb, nicolae_vaults_double_plus_2, v_misc_11,
          nicolae_vaults_tetromino_L_2, nicolae_vaults_doubleplus_tesselated,
          nicolae_vaults_two_Ls, nicolae_vaults_offset_grid_hallway_3,
          hangedman_vaults_corner, nicolae_vaults_closet_pinwheel_5,
          ontoclasm_vaults_ring_square, v_rooms_4, vaults_dpeg_hooks,
          nicolae_vaults_trapezoid_1, ontoclasm_vaults_fault,
          ontoclasm_vaults_bender, layout_vaults_ring, uniq_zenata
Vaults:2: nicolae_vaults_more_shelving_1, ontoclasm_vaults_loading_screen,
          v_misc_12, vaults_room_fours, nicolae_vaults_turnstiles, v_misc_9,
          nicolae_vaults_diagonal_hallway_7, v_misc_23, vaults_room_pools,
          v_misc_28, nicolae_vaults_little_squares_6, ontoclasm_vaults_hangar,
          nicolae_vaults_trapezoid_4, special_room_vaults [special_room_orc],
          vaults_dpeg_encased_lava, layout_vaults_maze
Vaults:3: ontoclasm_vaults_misaligned, nicolae_vaults_closet_pinwheel_5,
          nicolae_vaults_network_quincunx
          [nicolae_vaults_network_quincunx_subvault,
          nicolae_vaults_network_quincunx_subvault,
          nicolae_vaults_network_quincunx_subvault,
          nicolae_vaults_network_quincunx_subvault,
          nicolae_vaults_network_quincunx_subvault],
          minmay_crypt_entry_simple_box, v_alt_pattern_4, v_misc_19,
          vaults_room_corners, nicolae_vaults_closet_pinwheel_3, v_misc_2,
          ontoclasm_vaults_chip, nicolae_vaults_storage_room_water,
          serial_ice_g, nicolae_vaults_specimen_jars, layout_vaults_omnibox,
          uniq_margery, uniq_frederick, uniq_mennas
Vaults:4: advil_vaults_ghost_lines, nicolae_vaults_you_can_take_it_with_you,
          v_rooms_5, nicolae_vaults_yaktaur_gun_rack,
          nicolae_vaults_heart-shaped_vault, hangedman_vaults_locks,
          grunt_vaults_twisty, hangedman_vaults_cutoff,
          nicolae_vaults_trapezoid_lopsided_3, v_misc_15,
          vaults_room_stairs_pillars, nicolae_vaults_offset_grid_hallway_2,
          layout_vaults_big_cross, uniq_donald
Vaults:5
Depths:1: nooodl_glass_maze, layout_cave_pools, nicolae_trove_entry_crystal,
          corexii_hall_statues_deadend, hell_entry, tgw_lugonu_bribe
Depths:2: cheibrodos_birdhouse, layout_cave_shapes, enter_ziggurat_d,
          abyss_entry_flame_altar, wad_floor_pattern_2, hell_entry, pan_entry
Depths:3: evilmike_lava_path, layout_cave_pools, abyss_entry,
          nicolae_uskayaw_suspiria, grunt_hell_entry_dis_mu,
          minmay_staircase_bubble
Depths:4: grunt_zot_entry_funnels, layout_long_grid,
          muffindrake_ghost_dead_mans_drink,
          nicolae_dithmenos_through_a_glass_darkly, pf_coc_iceberg,
          serial_bayou_shore_b, uniq_sojobo

Skill      XL: |  1  2  3  4  5  6  7  8  9 10 11 12 13 14 15 16 17 18 19 20 21 22 23 24 |
---------------+-------------------------------------------------------------------------+-----
Armour         | 1 2 3 4 5 6 8 9 10 11 12 | 12.0
Ranged Weapons | 5 6 7 8 10 11 13 14 17 20 | 20.0
Fighting       | 3 4 5 6 8 9 11 13 15 17 18 20 21 22 23 25 26 27 | 27.0
Dodging        | 2 3 5 6 7 9 10 11 13 15 17 18 19 | 19.8
Invocations    | 2 4 8 10 11 | 11.6
Stealth        | |  1.1

Action                     |  1- 3 |  4- 6 |  7- 9 | 10-12 | 13-15 | 16-18 | 19-21 | 22-24 || total
---------------------------+-------+-------+-------+-------+-------+-------+-------+-------++-------
  Melee: Unarmed           |       |       |       |       |       |     1 |       |       ||     1
   Fire: Shortbow          |    21 |       |       |       |       |       |       |       ||    21
         Sling             |    17 |    90 |   269 |   866 |  1435 |   215 |       |       ||  2892
         Longbow           |       |       |       |       |       |  1636 |  1284 |  1777 ||  4697
 Invoke: Heroism           |       |       |       |    25 |    29 |    34 |    13 |    35 ||   136
         Finesse           |       |       |       |       |     1 |    13 |     4 |     8 ||    26
    Use: Scroll            |     3 |     2 |     8 |     9 |     7 |    10 |     3 |     4 ||    46
         Potion            |       |     2 |     2 |     1 |     4 |     2 |     3 |     7 ||    21
 Armour: Leather armour    |     2 |       |       |       |       |       |    33 |   485 ||   520
         Ring mail         |       |    11 |    57 |   205 |   464 |    90 |       |       ||   827
         Troll leather arm |       |       |       |       |       |   478 |   255 |       ||   733
  Dodge: Dodged            |     1 |     9 |    24 |   169 |   504 |   755 |   564 |  1133 ||  3159
         Repelled          |       |       |       |       |       |       |       |    17 ||    17
  Block: Other             |       |       |     5 |    64 |   152 |   233 |   195 |   233 ||   882
         Reflection        |       |       |       |     2 |       |    32 |    19 |    11 ||    64

Table legend:
 A = Non-vault XP
 B = Vault XP
 C = Vault XP percentage of total XP
 D = Non-vault monster count
 E = Vault monster count
 F = Vault count percentage of total count
                 A         B        C        D         E       F
            +---------+---------+-------+---------+---------+-------
      Total |  437559 |  333588 |  43.3 |    1025 |     620 |  37.7
            +---------+---------+-------+---------+---------+-------
        D:1 |      24 |       0 |   0.0 |      14 |       0 |   0.0
        D:2 |      81 |       0 |   0.0 |      15 |       0 |   0.0
        D:3 |      29 |       0 |   0.0 |       9 |       0 |   0.0
        D:4 |     847 |      39 |   4.4 |      25 |       2 |   7.4
        D:5 |     276 |       0 |   0.0 |       9 |       0 |   0.0
        D:6 |     646 |     239 |  27.0 |      17 |       1 |   5.6
        D:7 |    1108 |     472 |  29.9 |      11 |       2 |  15.4
        D:8 |    1472 |     268 |  15.4 |       9 |       1 |  10.0
        D:9 |    1779 |    2207 |  55.4 |      25 |      28 |  52.8
       D:10 |    5156 |       0 |   0.0 |      30 |       0 |   0.0
       D:11 |    4169 |       0 |   0.0 |      10 |       0 |   0.0
       D:12 |    5595 |       0 |   0.0 |      15 |       0 |   0.0
       D:13 |   11768 |    5533 |  32.0 |      30 |      19 |  38.8
       D:14 |    8674 |    2303 |  21.0 |      24 |       3 |  11.1
       D:15 |   13558 |    6431 |  32.2 |      24 |      11 |  31.4
     Lair:1 |    6037 |    2154 |  26.3 |      25 |       9 |  26.5
     Lair:2 |    6929 |    2010 |  22.5 |      28 |       6 |  17.6
     Lair:3 |    7020 |    2650 |  27.4 |      29 |      11 |  27.5
     Lair:4 |    7138 |    6069 |  46.0 |      29 |      24 |  45.3
     Lair:5 |   13650 |   11441 |  45.6 |      37 |      46 |  55.4
   Shoals:1 |   10316 |       0 |   0.0 |      27 |       0 |   0.0
   Shoals:2 |   14332 |    4989 |  25.8 |      30 |       7 |  18.9
   Shoals:3 |   15449 |       0 |   0.0 |      30 |       0 |   0.0
   Shoals:4 |    6089 |   29631 |  83.0 |      13 |      58 |  81.7
   Spider:1 |   11093 |    2500 |  18.4 |      33 |      21 |  38.9
   Spider:2 |   18353 |    5080 |  21.7 |      43 |       4 |   8.5
   Spider:3 |    9230 |    2647 |  22.3 |      22 |       4 |  15.4
   Spider:4 |   14498 |   17891 |  55.2 |      29 |      37 |  56.1
      Orc:1 |    2097 |   10341 |  83.1 |      23 |      49 |  68.1
      Orc:2 |    3886 |   16984 |  81.4 |      28 |      41 |  59.4
   Vaults:1 |   28054 |   19789 |  41.4 |      41 |      28 |  40.6
   Vaults:2 |   42030 |   17372 |  29.2 |      60 |      45 |  42.9
   Vaults:3 |   31705 |   46941 |  59.7 |      49 |      53 |  52.0
   Vaults:4 |   14576 |   30552 |  67.7 |      25 |      36 |  59.0
   Vaults:5 |    8363 |   25384 |  75.2 |       8 |      24 |  75.0
   Depths:1 |   32117 |    5260 |  14.1 |      36 |       6 |  14.3
   Depths:2 |   27247 |    5867 |  17.7 |      32 |       7 |  17.9
   Depths:3 |   18422 |   25143 |  57.7 |      27 |      18 |  40.0
   Depths:4 |   15642 |   25401 |  61.9 |      14 |      19 |  57.6
    Abyss:2 |   18104 |       0 |   0.0 |      40 |       0 |   0.0
            +---------+---------+-------+---------+---------+-------
